Workbook

Sheet VERIFICACIÓN ECONÓMICA
A1: OBJETO: | B1: MANTENIMIENTO PREVENTIVO Y CORRECTIVO Y ADECUACIÓN A TODO COSTO DE LOS CONTENEDORES (SHELTERS) DE LA FTC OMEGA - PAC RADAR DE SAN JOSE DEL GUAVIARE Y TORRE RADAR DE CONFORMIDAD CON LAS ESPECIFICACIONES TECNICAS. | E1: CONSORCIO VENTURA
E2: CANT | G2: VALOR UNITARIO | H2: VALOR PARCIAL
A3: MANTENIMIENTO Y ADECUACION SHELTERS OMEGA $ 30.000.000,00
A4: ÍTEM | B4: ACTIVIDAD | C4: UND | D4: CANTIDAD
A5: 1 | B5: PRELIMINARES
A6: 1.1 | B6: REMOCIÓN (DEMOLICIÓN) DE ACABADO DE PISO Y PAREDES, INCLUYE RETIRO | C6: M² | D6: 84 | E6: =VLOOKUP($A$5:$A$17,'CONSORCIO VENTURA'!$B$18:$F$30,5,0) -> 84 | F6: =+D6-E6 -> 0 | G6: =VLOOKUP($A$5:$A$17,'CONSORCIO VENTURA'!$B$18:$E$30,4,0) -> 15732.771 | H6: =+G6*E6 -> 1321552.8
A7: 1.2 | B7: DESMONTE DE PUERTAS INCLUYE EL MARCO Y TAPA LUCES, INCLUYE RETIRO | C7: Un | D7: 14 | E7: =VLOOKUP($A$5:$A$17,'CONSORCIO VENTURA'!$B$18:$F$30,5,0) -> 14 | F7: =+D7-E7 -> 0 | G7: =VLOOKUP($A$5:$A$17,'CONSORCIO VENTURA'!$B$18:$E$30,4,0) -> 13226.89 | H7: =+G7*E7 -> 185176.46
A8: 1.4 | B8: DESMONTE DE APARATOS SANITARIOS Y DIVISIONES DE DUCHAS Y SANITARIOS. | C8: Un | D8: 14 | E8: =VLOOKUP($A$5:$A$17,'CONSORCIO VENTURA'!$B$18:$F$30,5,0) -> 14 | F8: =+D8-E8 -> 0 | G8: =VLOOKUP($A$5:$A$17,'CONSORCIO VENTURA'!$B$18:$E$30,4,0) -> 17932.227 | H8: =+G8*E8 -> 251051.17
A9: 1.5 | B9: DESMONTE DE CIELO RASO, INCLUYE DESMONTE DE ESTRUCTURA Y RETIRO | C9: M² | D9: 26.25 | E9: =VLOOKUP($A$5:$A$17,'CONSORCIO VENTURA'!$B$18:$F$30,5,0) -> 26.25 | F9: =+D9-E9 -> 0 | G9: =VLOOKUP($A$5:$A$17,'CONSORCIO VENTURA'!$B$18:$E$30,4,0) -> 11641.258 | H9: =+G9*E9 -> 305583.03
A10: 1.6 | B10: DESMONTE DE ESPEJOS, INCLUYE RETIRO | C10: UN | D10: 7 | E10: =VLOOKUP($A$5:$A$17,'CONSORCIO VENTURA'!$B$18:$F$30,5,0) -> 7 | F10: =+D10-E10 -> 0 | G10: =VLOOKUP($A$5:$A$17,'CONSORCIO VENTURA'!$B$18:$E$30,4,0) -> 4242.2936 | H10: =+G10*E10 -> 29696.055
A11: 1.7 | B11: ESCARIFICACIÓN Y RETIRO DE PAÑETE | C11: M² | D11: 1 | E11: =VLOOKUP($A$5:$A$17,'CONSORCIO VENTURA'!$B$18:$F$30,5,0) -> 1 | F11: =+D11-E11 -> 0 | G11: =VLOOKUP($A$5:$A$17,'CONSORCIO VENTURA'!$B$18:$E$30,4,0) -> 8546.8451 | H11: =+G11*E11 -> 8546.8451
A12: 3 | B12: ESTRUCTURA METALICA
A13: 3.3 | B13: LIMPIEZA MANUAL-MECÁNICA TIPO SSPC SP2 Y SSPC SP3 PARA PASARELA METÁLICA TORRE RADAR - ESTRUCTURA METALICA DE CONTENEDORES. INCLUYE SISTEMA DE RECUBRIMIENTO PARA LA ESTRUCTURA METÁLICA MEDIANTE IMPRIMANTE EPÓXICO FOSTATO DE CINC TIPO SIKA O SIMILAR Y/O BARNIZ QDS TIPO SIKA O SIMILAR | C13: M² | D13: 79.4 | E13: 83.7 | F13: =+D13-E13 -> -4.3 | G13: =VLOOKUP($A$5:$A$17,'CONSORCIO VENTURA'!$B$18:$E$30,4,0) -> 143010.33 | H13: =+G13*E13 -> 11969965 | J13: ajustado
A14: 4 | B14: PINTURA
A15: 4.1 | B15: PINTURA ESMALTE | C15: M2 | D15: 586 | E15: =VLOOKUP($A$5:$A$17,'CONSORCIO VENTURA'!$B$18:$F$30,5,0) -> 586 | F15: =+D15-E15 -> 0 | G15: =VLOOKUP($A$5:$A$17,'CONSORCIO VENTURA'!$B$18:$E$30,4,0) -> 13964.257 | H15: =+G15*E15 -> 8183054.5
A16: 5 | B16: CARPINTERIA EN ALUMINIO
A17: 5.1 | B17: MANTENIMIENTO A TODO COSTO DE VENTANERIA, PUERTAS CORREDIZAS EN ALUMINIO | C17: M² | D17: 15.9 | E17: =VLOOKUP($A$5:$A$17,'CONSORCIO VENTURA'!$B$18:$F$30,5,0) -> 15.9 | F17: =+D17-E17 -> 0 | G17: =VLOOKUP($A$5:$A$17,'CONSORCIO VENTURA'!$B$18:$E$30,4,0) -> 19342.758 | H17: =+G17*E17 -> 307549.84
A18: TOTAL COSTOS DIRECTOS | H18: =SUM(H6:H17) -> 22562176
A19: ADMINISTRACIÓN % | C19: A | D19: =SUM('[1]OFERTA ECONOMICA 02-01 '!$L$68:$L$73)+18% -> 0.18 | E19: 0.272 | H19: =+H18*E19 -> 6136911.8
A20: IMPREVISTOS % | C20: I | D20: 0.05 | E20: 0.01 | H20: =+H18*E20 -> 225621.76
A21: UTILIDADES % | C21: U | D21: 0.04 | E21: 0.04 | H21: =+H18*E21 -> 902487.02
A22: IVA SOBRE UTILIDAD | C22: % | D22: 0.19 | E22: 0.19 | H22: =+H21*E22 -> 171472.53
A23: TOTAL COSTOS INDIRECTOS (A.I.U)+ IVA SOBRE UTILIDAD | H23: =+H19+H20+H21+H22 -> 7436493.1
A24: VALOR TOTAL OBRAS CIVILES | H24: =+H18+H23 -> 29998669
A25: " MANTENIMIENTO PREVENTIVO Y CORRECTIVO DE LAS INSTALACIONES DEL RADAR SAN JOSE $ 40.000.000,00"
A26: ÍTEM | B26: ACTIVIDAD | C26: UND | D26: CANTIDAD
A27: 1 | B27: PRELIMINARES
A28: 1.3 | B28: ESCARIFICADO DE PINTURA EN PAREDES | C28: M² | D28: 70 | E28: =VLOOKUP($A$27:$A$50,'CONSORCIO VENTURA'!$B$44:$F$67,5,0) -> 70 | F28: =+D28-E28 -> 0 | G28: =VLOOKUP($A$27:$A$50,'CONSORCIO VENTURA'!$B$44:$E$67,4,0) -> 5145.0334 | H28: =+G28*E28 -> 360152.34
A29: 1.8 | B29: DESMONTE TUBERÍA HIDRÁULICA DE Ø 3" A Ø 6" | C29: ML | D29: 30 | E29: =VLOOKUP($A$27:$A$50,'CONSORCIO VENTURA'!$B$44:$F$67,5,0) -> 30 | F29: =+D29-E29 -> 0 | G29: =VLOOKUP($A$27:$A$50,'CONSORCIO VENTURA'!$B$44:$E$67,4,0) -> 13742.463 | H29: =+G29*E29 -> 412273.89
A30: 2 | B30: MOVIMIENTO DE TIERRAS
A31: 2.1 | B31: EXCAVACION MANUAL EN TERRENO CONSISTENTE, INCLUYE CARGUE, RETIRO Y DISPOCISION FINAL DE EXCAVACION | C31: M³ | D31: 3.6 | E31: =VLOOKUP($A$27:$A$50,'CONSORCIO VENTURA'!$B$44:$F$67,5,0) -> 3.6 | F31: =+D31-E31 -> 0 | G31: =VLOOKUP($A$27:$A$50,'CONSORCIO VENTURA'!$B$44:$E$67,4,0) -> 77643.408 | H31: =+G31*E31 -> 279516.27
A32: 3 | B32: ESTRUCTURA METALICA
A33: 3.1 | B33: LIMPIEZA MANUAL-MECÁNICA TIPO SSPC SP2 Y SSPC SP3 PARA ESTRUCTURA METÁLICA EXISTENTE (TUBO DIAMETRO 7", 10" Y 19", PERIL TIPO C 15 CM X 5 CM, PERFIL TIPO L 8 CM X 8 CM, IPE DE 60 A 270 ). INCLUYE SISTEMA DE RECUBRIMIENTO PARA LA ESTRUCTURA METÁLICA MEDIANTE IMPRIMANTE EPÓXICO FOSTATO DE CINC TIPO SIKA O SIMILAR Y/O BARNIZ QDS TIPO SIKA O SIMILAR | C33: ML | D33: 5 | E33: 10 | F33: =+D33-E33 -> -5 | G33: =VLOOKUP($A$27:$A$50,'CONSORCIO VENTURA'!$B$44:$E$67,4,0) -> 50171.128 | H33: =+G33*E33 -> 501711.28 | J33: ajustado
A34: 4 | B34: PINTURA
A35: 4.2 | B35: VINILO CORRIENTE TIPO-2, 3 MANOS (INCLUYE FILOS Y DILATACIONES) | C35: M² | D35: 85 | E35: =VLOOKUP($A$27:$A$50,'CONSORCIO VENTURA'!$B$44:$F$67,5,0) -> 85 | F35: =+D35-E35 -> 0 | G35: =VLOOKUP($A$27:$A$50,'CONSORCIO VENTURA'!$B$44:$E$67,4,0) -> 12111.111 | H35: =+G35*E35 -> 1029444.4
A36: 4.3 | B36: PINTURA PREMIUM PARA EXTERIORES BASE DE AGUA - TRES MANOS (INCLUYE FILOS Y DILATACIONES) | C36: M² | D36: 70 | E36: =VLOOKUP($A$27:$A$50,'CONSORCIO VENTURA'!$B$44:$F$67,5,0) -> 70 | F36: =+D36-E36 -> 0 | G36: =VLOOKUP($A$27:$A$50,'CONSORCIO VENTURA'!$B$44:$E$67,4,0) -> 22821.419 | H36: =+G36*E36 -> 1597499.3
A37: 4.4 | B37: ESTUCO PLÁSTICO ACRÍLICO PARA EXTERIORES A DOS (2) MANOS SOBRE MUROS, INCLUYE FILOS, DILATACIONES Y TODAS LAS ACTIVIDADES NECESARIAS PARA SU CORRECTA INSTALACIÓN | C37: M2 | D37: 70 | E37: =VLOOKUP($A$27:$A$50,'CONSORCIO VENTURA'!$B$44:$F$67,5,0) -> 70 | F37: =+D37-E37 -> 0 | G37: =VLOOKUP($A$27:$A$50,'CONSORCIO VENTURA'!$B$44:$E$67,4,0) -> 20616.127 | H37: =+G37*E37 -> 1443128.9
A38: 4.5 | B38: ESMALTE POLIURETANO | C38: M2 | D38: 3.78 | E38: =VLOOKUP($A$27:$A$50,'CONSORCIO VENTURA'!$B$44:$F$67,5,0) -> 3.78 | F38: =+D38-E38 -> 0 | G38: =VLOOKUP($A$27:$A$50,'CONSORCIO VENTURA'!$B$44:$E$67,4,0) -> 55696.519 | H38: =+G38*E38 -> 210532.84
A39: 5 | B39: CARPINTERIA EN ALUMINIO
A40: 5.1 | B40: MANTENIMIENTO A TODO COSTO DE VENTANERIA, PUERTAS CORREDIZAS EN ALUMINIO | C40: M² | D40: 1.716 | E40: =VLOOKUP($A$27:$A$50,'CONSORCIO VENTURA'!$B$44:$F$67,5,0) -> 1.716 | F40: =+D40-E40 -> 0 | G40: =VLOOKUP($A$27:$A$50,'CONSORCIO VENTURA'!$B$44:$E$67,4,0) -> 19342.758 | H40: =+G40*E40 -> 33192.172
A41: 8 | B41: APARATOS SANITARIOS Y ACCESORIOS
A42: 8.9 | B42: SUMINISTRO E INSTALACIÓN DE LAVAPLATOS DE EMPOTRAR 0,57 X 0,51 MEZCLADOR PRACTICO | C42: Un | D42: 1 | E42: =VLOOKUP($A$27:$A$50,'CONSORCIO VENTURA'!$B$44:$F$67,5,0) -> 1 | F42: =+D42-E42 -> 0 | G42: =VLOOKUP($A$27:$A$50,'CONSORCIO VENTURA'!$B$44:$E$67,4,0) -> 443592.54 | H42: =+G42*E42 -> 443592.54
A43: 10 | B43: CARPINTERIA EN MADERA
A44: 10.4 | B44: SUMINISTRO E INSTALACIÓN DE MUEBLE BAJO COCINA 2.50 APROXIMADAMENTE X 0.60 X 0.80M ESTRUCTURA EN QUINTUPLEX Y CUERPO EN MADECOR RH DE 15 MM, FORRADO INTERNAMENTE EN FORMICA COLOR BLANCA Y EXTERNAMENTE EN FORMICA COLOR POR DEFINIR, MESON EN GRANITO PULIDO CON SALPICADERO COLOR A ESCOGER POR EL SUPERVISOR, POCETAS, PUERTAS, CAJONERAS, ENTREPAÑOS, MANIJAS DE ACERO. INCLUYE ACCESORIOS, ELEMENTOS DE FIJACIÓN, Y TODO LO DEMÁS PARA SU CORRECTO FUNCIONAMIENTO E INSTALACIÓN. | C44: ML | D44: 1.8 | E44: =VLOOKUP($A$27:$A$50,'CONSORCIO VENTURA'!$B$44:$F$67,5,0) -> 1.8 | F44: =+D44-E44 -> 0 | G44: =VLOOKUP($A$27:$A$50,'CONSORCIO VENTURA'!$B$44:$E$67,4,0) -> 872558.37 | H44: =+G44*E44 -> 1570605.1
A45: 10.5 | B45: SUMINISTRO E INSTALACIÓN DE MUEBLE ALTO DE COCINA 2.50 APROXIMADAMENTE 0,35 X 0,70 M ESTRUCTURA EN QUINTUPLEX Y CUERPO EN MADECOR RH DE 15 MM, FORRADO INTERNAMENTE EN FORMICA COLOR BLANCA Y EXTERNAMENTE EN FORMICA COLOR POR DEFINIR, PUERTAS , CAJONERAS, MANIJAS DE ACERO, INCLUYE LOCERO Y VAJILLERO PLASTIFICADO, ACCESORIOS, ELEMENTOS DE FIJACIÓN, Y TODO LO DEMÁS PARA SU CORRECTO FUNCIONAMIENTO E INSTALACIÓN. | C45: ML | D45: 1.8 | E45: =VLOOKUP($A$27:$A$50,'CONSORCIO VENTURA'!$B$44:$F$67,5,0) -> 1.8 | F45: =+D45-E45 -> 0 | G45: =VLOOKUP($A$27:$A$50,'CONSORCIO VENTURA'!$B$44:$E$67,4,0) -> 449588.76 | H45: =+G45*E45 -> 809259.77
A46: 12 | B46: VIDRIOS Y ESPEJOS
A47: 12.1 | B47: SUMINISTRO E INSTALACION DE ESPEJO BISELADO E= 4 MM (FLOTADO EN MURO) | C47: M² | D47: 1 | E47: =VLOOKUP($A$27:$A$50,'CONSORCIO VENTURA'!$B$44:$F$67,5,0) -> 1 | F47: =+D47-E47 -> 0 | G47: =VLOOKUP($A$27:$A$50,'CONSORCIO VENTURA'!$B$44:$E$67,4,0) -> 233542.1 | H47: =+G47*E47 -> 233542.1
A48: 13 | B48: INSTALACIONES HIDROSANITARIAS
A49: 13.1 | B49: SUMINISTRO E INSTALACIÓN DE PUNTO DE AGUA FRIA Ø 1/2" , INCLUYE ACCESORIOS PARA SU CORRECTA INSTALACIÓN. | C49: 0 | D49: 1 | E49: =VLOOKUP($A$27:$A$50,'CONSORCIO VENTURA'!$B$44:$F$67,5,0) -> 1 | F49: =+D49-E49 -> 0 | G49: =VLOOKUP($A$27:$A$50,'CONSORCIO VENTURA'!$B$44:$E$67,4,0) -> 46372.423 | H49: =+G49*E49 -> 46372.423
A50: 13.6 | B50: SUMINISTRO E INSTALACIÓN DE TUBERÍA PVC PRESIÓN RDE 21 Ø 4", INCLUYE ACCESORIOS PARA SU CORRECTA INSTALACIÓN. | C50: 0 | D50: 17 | E50: =VLOOKUP($A$27:$A$50,'CONSORCIO VENTURA'!$B$44:$F$67,5,0) -> 17 | F50: =+D50-E50 -> 0 | G50: =VLOOKUP($A$27:$A$50,'CONSORCIO VENTURA'!$B$44:$E$67,4,0) -> 132552.95 | H50: =+G50*E50 -> 2253400.1
A51: SHELTERS 5
A52: ÍTEM | B52: ACTIVIDAD | C52: UND | D52: CANTIDAD
A53: 1 | B53: PRELIMINARES
A54: 1.3 | B54: ESCARIFICADO DE PINTURA EN PAREDES | C54: M² | D54: 70 | E54: =VLOOKUP($A$53:$A$73,'CONSORCIO VENTURA'!$B$70:$F$90,5,0) -> 70 | F54: =+D54-E54 -> 0 | G54: =VLOOKUP($A$53:$A$73,'CONSORCIO VENTURA'!$B$70:$E$90,4,0) -> 5145.0334 | H54: =+G54*E54 -> 360152.34
A55: 1.8 | B55: DESMONTE TUBERÍA HIDRÁULICA DE Ø 3" A Ø 6" | C55: ML | D55: 30 | E55: =VLOOKUP($A$53:$A$73,'CONSORCIO VENTURA'!$B$70:$F$90,5,0) -> 30 | F55: =+D55-E55 -> 0 | G55: =VLOOKUP($A$53:$A$73,'CONSORCIO VENTURA'!$B$70:$E$90,4,0) -> 13742.463 | H55: =+G55*E55 -> 412273.89
A56: 3 | B56: ESTRUCTURA METALICA
A57: 3.1 | B57: LIMPIEZA MANUAL-MECÁNICA TIPO SSPC SP2 Y SSPC SP3 PARA ESTRUCTURA METÁLICA EXISTENTE (TUBO DIAMETRO 7", 10" Y 19", PERIL TIPO C 15 CM X 5 CM, PERFIL TIPO L 8 CM X 8 CM, IPE DE 60 A 270 ). INCLUYE SISTEMA DE RECUBRIMIENTO PARA LA ESTRUCTURA METÁLICA MEDIANTE IMPRIMANTE EPÓXICO FOSTATO DE CINC TIPO SIKA O SIMILAR Y/O BARNIZ QDS TIPO SIKA O SIMILAR | C57: ML | D57: 19 | E57: =VLOOKUP($A$53:$A$73,'CONSORCIO VENTURA'!$B$70:$F$90,5,0) -> 19 | F57: =+D57-E57 -> 0 | G57: =VLOOKUP($A$53:$A$73,'CONSORCIO VENTURA'!$B$70:$E$90,4,0) -> 50171.128 | H57: =+G57*E57 -> 953251.44
A58: 4 | B58: PINTURA
A59: 4.2 | B59: VINILO CORRIENTE TIPO-2, 3 MANOS (INCLUYE FILOS Y DILATACIONES) | C59: M² | D59: 85 | E59: =VLOOKUP($A$53:$A$73,'CONSORCIO VENTURA'!$B$70:$F$90,5,0) -> 85 | F59: =+D59-E59 -> 0 | G59: =VLOOKUP($A$53:$A$73,'CONSORCIO VENTURA'!$B$70:$E$90,4,0) -> 12120.839 | H59: =+G59*E59 -> 1030271.3
A60: 4.3 | B60: PINTURA PREMIUM PARA EXTERIORES BASE DE AGUA - TRES MANOS (INCLUYE FILOS Y DILATACIONES) | C60: M² | D60: 70 | E60: =VLOOKUP($A$53:$A$73,'CONSORCIO VENTURA'!$B$70:$F$90,5,0) -> 70 | F60: =+D60-E60 -> 0 | G60: =VLOOKUP($A$53:$A$73,'CONSORCIO VENTURA'!$B$70:$E$90,4,0) -> 22821.419 | H60: =+G60*E60 -> 1597499.3
A61: 4.4 | B61: ESTUCO PLÁSTICO ACRÍLICO PARA EXTERIORES A DOS (2) MANOS SOBRE MUROS, INCLUYE FILOS, DILATACIONES Y TODAS LAS ACTIVIDADES NECESARIAS PARA SU CORRECTA INSTALACIÓN | C61: M2 | D61: 70 | E61: =VLOOKUP($A$53:$A$73,'CONSORCIO VENTURA'!$B$70:$F$90,5,0) -> 70 | F61: =+D61-E61 -> 0 | G61: =VLOOKUP($A$53:$A$73,'CONSORCIO VENTURA'!$B$70:$E$90,4,0) -> 20616.127 | H61: =+G61*E61 -> 1443128.9
A62: 4.5 | B62: ESMALTE POLIURETANO | C62: M2 | D62: 3.78 | E62: =VLOOKUP($A$53:$A$73,'CONSORCIO VENTURA'!$B$70:$F$90,5,0) -> 3.78 | F62: =+D62-E62 -> 0 | G62: =VLOOKUP($A$53:$A$73,'CONSORCIO VENTURA'!$B$70:$E$90,4,0) -> 55696.519 | H62: =+G62*E62 -> 210532.84
A63: 5 | B63: CARPINTERIA EN ALUMINIO
A64: 5.1 | B64: MANTENIMIENTO A TODO COSTO DE VENTANERIA, PUERTAS CORREDIZAS EN ALUMINIO | C64: M² | D64: 1.716 | E64: =VLOOKUP($A$53:$A$73,'CONSORCIO VENTURA'!$B$70:$F$90,5,0) -> 1.716 | F64: =+D64-E64 -> 0 | G64: =VLOOKUP($A$53:$A$73,'CONSORCIO VENTURA'!$B$70:$E$90,4,0) -> 19342.758 | H64: =+G64*E64 -> 33192.172
A65: 8 | B65: APARATOS SANITARIOS Y ACCESORIOS
A66: 8.8 | B66: PRUEBA SANITARIA | C66: Un | D66: 1 | E66: =VLOOKUP($A$53:$A$73,'CONSORCIO VENTURA'!$B$70:$F$90,5,0) -> 1 | F66: =+D66-E66 -> 0 | G66: =VLOOKUP($A$53:$A$73,'CONSORCIO VENTURA'!$B$70:$E$90,4,0) -> 253417.95 | H66: =+G66*E66 -> 253417.95
A67: 8.9 | B67: SUMINISTRO E INSTALACIÓN DE LAVAPLATOS DE EMPOTRAR 0,57 X 0,51 MEZCLADOR PRACTICO | C67: Un | D67: 1 | E67: =VLOOKUP($A$53:$A$73,'CONSORCIO VENTURA'!$B$70:$F$90,5,0) -> 1 | F67: =+D67-E67 -> 0 | G67: =VLOOKUP($A$53:$A$73,'CONSORCIO VENTURA'!$B$70:$E$90,4,0) -> 443592.54 | H67: =+G67*E67 -> 443592.54
A68: 10 | B68: CARPINTERIA EN MADERA
A69: 10.3 | B69: SUMINISTRO E INSTALACION DE CLOSETS EN TABLERO MELAMINICO RH 15MM SEGÚN DISEÑO | C69: M² | D69: 3.6 | E69: =VLOOKUP($A$53:$A$73,'CONSORCIO VENTURA'!$B$70:$F$90,5,0) -> 3.6 | F69: =+D69-E69 -> 0 | G69: =VLOOKUP($A$53:$A$73,'CONSORCIO VENTURA'!$B$70:$E$90,4,0) -> 548749.09 | H69: =+G69*E69 -> 1975496.7
A70: 10.4 | B70: SUMINISTRO E INSTALACIÓN DE MUEBLE BAJO COCINA 2.50 APROXIMADAMENTE X 0.60 X 0.80M ESTRUCTURA EN QUINTUPLEX Y CUERPO EN MADECOR RH DE 15 MM, FORRADO INTERNAMENTE EN FORMICA COLOR BLANCA Y EXTERNAMENTE EN FORMICA COLOR POR DEFINIR, MESON EN GRANITO PULIDO CON SALPICADERO COLOR A ESCOGER POR EL SUPERVISOR, POCETAS, PUERTAS, CAJONERAS, ENTREPAÑOS, MANIJAS DE ACERO. INCLUYE ACCESORIOS, ELEMENTOS DE FIJACIÓN, Y TODO LO DEMÁS PARA SU CORRECTO FUNCIONAMIENTO E INSTALACIÓN. | C70: ML | D70: 1.8 | E70: =VLOOKUP($A$53:$A$73,'CONSORCIO VENTURA'!$B$70:$F$90,5,0) -> 1.8 | F70: =+D70-E70 -> 0 | G70: =VLOOKUP($A$53:$A$73,'CONSORCIO VENTURA'!$B$70:$E$90,4,0) -> 872558.37 | H70: =+G70*E70 -> 1570605.1
A71: 10.5 | B71: SUMINISTRO E INSTALACIÓN DE MUEBLE ALTO DE COCINA 2.50 APROXIMADAMENTE 0,35 X 0,70 M ESTRUCTURA EN QUINTUPLEX Y CUERPO EN MADECOR RH DE 15 MM, FORRADO INTERNAMENTE EN FORMICA COLOR BLANCA Y EXTERNAMENTE EN FORMICA COLOR POR DEFINIR, PUERTAS , CAJONERAS, MANIJAS DE ACERO, INCLUYE LOCERO Y VAJILLERO PLASTIFICADO, ACCESORIOS, ELEMENTOS DE FIJACIÓN, Y TODO LO DEMÁS PARA SU CORRECTO FUNCIONAMIENTO E INSTALACIÓN. | C71: ML | D71: 1.8 | E71: =VLOOKUP($A$53:$A$73,'CONSORCIO VENTURA'!$B$70:$F$90,5,0) -> 1.8 | F71: =+D71-E71 -> 0 | G71: =VLOOKUP($A$53:$A$73,'CONSORCIO VENTURA'!$B$70:$E$90,4,0) -> 449588.76 | H71: =+G71*E71 -> 809259.77
A72: 13 | B72: INSTALACIONES HIDROSANITARIAS
A73: 13.1 | B73: SUMINISTRO E INSTALACIÓN DE PUNTO DE AGUA FRIA Ø 1/2" , INCLUYE ACCESORIOS PARA SU CORRECTA INSTALACIÓN. | C73: Un | D73: 1 | E73: =VLOOKUP($A$53:$A$73,'CONSORCIO VENTURA'!$B$70:$F$90,5,0) -> 1 | F73: =+D73-E73 -> 0 | G73: =VLOOKUP($A$53:$A$73,'CONSORCIO VENTURA'!$B$70:$E$90,4,0) -> 46372.423 | H73: =+G73*E73 -> 46372.423
A74: SHELTERS 8
A75: ÍTEM | B75: ACTIVIDAD | C75: UND | D75: CANTIDAD
A76: 1 | B76: PRELIMINARES
A77: 1.3 | B77: ESCARIFICADO DE PINTURA EN PAREDES | C77: M² | D77: 70 | E77: =VLOOKUP($A$76:$A$89,'CONSORCIO VENTURA'!$B$93:$F$106,5,0) -> 70 | F77: =+D77-E77 -> 0 | G77: =VLOOKUP($A$76:$A$89,'CONSORCIO VENTURA'!$B$93:$E$106,4,0) -> 5145.0334 | H77: =+G77*E77 -> 360152.34
A78: 3 | B78: ESTRUCTURA METALICA
A79: 3.1 | B79: LIMPIEZA MANUAL-MECÁNICA TIPO SSPC SP2 Y SSPC SP3 PARA ESTRUCTURA METÁLICA EXISTENTE (TUBO DIAMETRO 7", 10" Y 19", PERIL TIPO C 15 CM X 5 CM, PERFIL TIPO L 8 CM X 8 CM, IPE DE 60 A 270 ). INCLUYE SISTEMA DE RECUBRIMIENTO PARA LA ESTRUCTURA METÁLICA MEDIANTE IMPRIMANTE EPÓXICO FOSTATO DE CINC TIPO SIKA O SIMILAR Y/O BARNIZ QDS TIPO SIKA O SIMILAR | C79: ML | D79: 8 | E79: 19.3 | F79: =+D79-E79 -> -11.3 | G79: =VLOOKUP($A$76:$A$89,'CONSORCIO VENTURA'!$B$93:$E$106,4,0) -> 50171.128 | H79: =+G79*E79 -> 968302.78 | J79: ajustado
A80: 4 | B80: PINTURA
A81: 4.2 | B81: VINILO CORRIENTE TIPO-2, 3 MANOS (INCLUYE FILOS Y DILATACIONES) | C81: M² | D81: 99 | E81: 99.25 | F81: =+D81-E81 -> -0.25 | G81: =VLOOKUP($A$76:$A$89,'CONSORCIO VENTURA'!$B$93:$E$106,4,0) -> 12111.111 | H81: =+G81*E81 -> 1202027.8 | J81: ajustado
A82: 4.3 | B82: PINTURA PREMIUM PARA EXTERIORES BASE DE AGUA - TRES MANOS (INCLUYE FILOS Y DILATACIONES) | C82: M² | D82: 70 | E82: =VLOOKUP($A$76:$A$89,'CONSORCIO VENTURA'!$B$93:$F$106,5,0) -> 70 | F82: =+D82-E82 -> 0 | G82: =VLOOKUP($A$76:$A$89,'CONSORCIO VENTURA'!$B$93:$E$106,4,0) -> 22821.419 | H82: =+G82*E82 -> 1597499.3
A83: 4.4 | B83: ESTUCO PLÁSTICO ACRÍLICO PARA EXTERIORES A DOS (2) MANOS SOBRE MUROS, INCLUYE FILOS, DILATACIONES Y TODAS LAS ACTIVIDADES NECESARIAS PARA SU CORRECTA INSTALACIÓN | C83: M2 | D83: 70 | E83: =VLOOKUP($A$76:$A$89,'CONSORCIO VENTURA'!$B$93:$F$106,5,0) -> 70 | F83: =+D83-E83 -> 0 | G83: =VLOOKUP($A$76:$A$89,'CONSORCIO VENTURA'!$B$93:$E$106,4,0) -> 20616.127 | H83: =+G83*E83 -> 1443128.9
A84: 5 | B84: CARPINTERIA EN ALUMINIO
A85: 5.1 | B85: MANTENIMIENTO A TODO COSTO DE VENTANERIA, PUERTAS CORREDIZAS EN ALUMINIO | C85: M² | D85: 2.2 | E85: =VLOOKUP($A$76:$A$89,'CONSORCIO VENTURA'!$B$93:$F$106,5,0) -> 2.2 | F85: =+D85-E85 -> 0 | G85: =VLOOKUP($A$76:$A$89,'CONSORCIO VENTURA'!$B$93:$E$106,4,0) -> 19342.758 | H85: =+G85*E85 -> 42554.067
A86: 6 | B86: ACABADOS E IMPERMEABILIZACIONES
A87: 6.4 | B87: REFORZAMIENTO PISO EXISTENTE | C87: M² | D87: 3 | E87: =VLOOKUP($A$76:$A$89,'CONSORCIO VENTURA'!$B$93:$F$106,5,0) -> 3 | F87: =+D87-E87 -> 0 | G87: =VLOOKUP($A$76:$A$89,'CONSORCIO VENTURA'!$B$93:$E$106,4,0) -> 43768.291 | H87: =+G87*E87 -> 131304.87
A88: 10 | B88: CARPINTERIA EN MADERA
A89: 10.3 | B89: SUMINISTRO E INSTALACION DE CLOSETS EN TABLERO MELAMINICO RH 15MM SEGÚN DISEÑO | C89: M² | D89: 3.6 | E89: =VLOOKUP($A$76:$A$89,'CONSORCIO VENTURA'!$B$93:$F$106,5,0) -> 3.6 | F89: =+D89-E89 -> 0 | G89: =VLOOKUP($A$76:$A$89,'CONSORCIO VENTURA'!$B$93:$E$106,4,0) -> 548749.09 | H89: =+G89*E89 -> 1975496.7
A90: TOTAL COSTOS DIRECTOS | H90: =SUM(H28:H89) -> 30083737
A91: ADMINISTRACIÓN % | C91: A | D91: 0.2875 | E91: 0.272 | H91: =+H90*E91 -> 8182776.4
A92: IMPREVISTOS % | C92: I | D92: 0.05 | E92: 0.01 | H92: =+H90*E92 -> 300837.37
A93: UTILIDADES % | C93: U | D93: 0.04 | E93: 0.04 | H93: =+H90*E93 -> 1203349.5
A94: IVA SOBRE UTILIDAD | C94: % | D94: 0.19 | E94: 0.19 | H94: =+H93*E94 -> 228636.4
A95: TOTAL COSTOS INDIRECTOS (A.I.U)+ IVA SOBRE UTILIDAD | H95: =+H91+H92+H93+H94 -> 9915599.6
A96: VALOR TOTAL OBRAS CIVILES | H96: =+H90+H95 -> 39999336
A97: " MANTENIMIENTO TORRES RADAR $ 40.000.000,00"
A98: ÍTEM | B98: ACTIVIDAD | C98: UND | D98: CANTIDAD
A99: 3 | B99: ESTRUCTURA METALICA
A100: 3.1 | B100: LIMPIEZA MANUAL-MECÁNICA TIPO SSPC SP2 Y SSPC SP3 PARA ESTRUCTURA METÁLICA EXISTENTE (TUBO DIAMETRO 7", 10" Y 19", PERIL TIPO C 15 CM X 5 CM, PERFIL TIPO L 8 CM X 8 CM, IPE DE 60 A 270 ). INCLUYE SISTEMA DE RECUBRIMIENTO PARA LA ESTRUCTURA METÁLICA MEDIANTE IMPRIMANTE EPÓXICO FOSTATO DE CINC TIPO SIKA O SIMILAR Y/O BARNIZ QDS TIPO SIKA O SIMILAR | C100: ML | D100: 384 | E100: =VLOOKUP($A$99:$A$102,'CONSORCIO VENTURA'!$B$117:$F$120,5,0) -> 384 | F100: =+D100-E100 -> 0 | G100: =VLOOKUP($A$99:$A$102,'CONSORCIO VENTURA'!$B$117:$E$120,4,0) -> 50171.128 | H100: =+G100*E100 -> 19265713
...

Sheet ECONTAINERS S.A.S.
B2: FUERZAS MILITARES DE COLOMBIA- MINISTERIO DE DEFENSA NACIONAL
B3: FUERZA AÉREA COLOMBIANA
B4: COMANDO AÉREO DE COMBATE No.2
B5: OBJETO: | C5: MANTENIMIENTO PREVENTIVO Y CORRECTIVO Y ADECUACIÓN A TODO COSTO DE LOS CONTENEDORES (SHELTERS) DE LA FTC OMEGA - PAC RADAR DE SAN JOSE DEL GUAVIARE Y TORRE RADAR DE CONFORMIDAD CON LAS ESPECIFICACIONES TECNICAS.
B7: NOTAS:
B8: Las cantidades de obra que a continuación se presentan son aproximadas.
B9: Su pago será determinado por la obra medida, realmente ejecutada, previa medición por parte de la supervision.
B10: Durante la ejecución de la obra se deben verificar las medidas por parte del contratista y la supervision
B11: El contratista deberá prever todos los costos correspondientes a materiales, mano de obra, transportes y demás costos directos e indirectos requeridos para realizar la totalidad de las obras.
B12: ANEXO 7.2.
B13: PRESUPUESTO OFICIAL RUBRO 02-02-02-005-004-01-2 REC 10 $110.000.000,00
B15: OFERTA ECONOMICA
B16: MANTENIMIENTO Y ADECUACION SHELTERS OMEGA $ 30.000.000,00
B17: ÍTEM | C17: ACTIVIDAD | D17: UND | E17: VALOR UNITARIO | F17: CANTIDAD | G17: VALOR PARCIAL | H17: VALOR TOTAL
B18: 1 | C18: PRELIMINARES | H18: =SUM(G19:G24) -> 2093950
B19: 1.1 | C19: REMOCIÓN (DEMOLICIÓN) DE ACABADO DE PISO Y PAREDES, INCLUYE RETIRO | D19: M² | E19: 15800 | F19: 84 | G19: =+E19*F19 -> 1327200
B20: 1.2 | C20: DESMONTE DE PUERTAS INCLUYE EL MARCO Y TAPA LUCES, INCLUYE RETIRO | D20: Un | E20: 12400 | F20: 14 | G20: =+E20*F20 -> 173600
B21: 1.4 | C21: DESMONTE DE APARATOS SANITARIOS Y DIVISIONES DE DUCHAS Y SANITARIOS. | D21: Un | E21: 17600 | F21: 14 | G21: =+E21*F21 -> 246400
B22: 1.5 | C22: DESMONTE DE CIELO RASO, INCLUYE DESMONTE DE ESTRUCTURA Y RETIRO | D22: M² | E22: 11800 | F22: 26.25 | G22: =+E22*F22 -> 309750
B23: 1.6 | C23: DESMONTE DE ESPEJOS, INCLUYE RETIRO | D23: UN | E23: 4100 | F23: 7 | G23: =+E23*F23 -> 28700
B24: 1.7 | C24: ESCARIFICACIÓN Y RETIRO DE PAÑETE | D24: M² | E24: 8300 | F24: 1 | G24: =+E24*F24 -> 8300
B25: 3 | C25: ESTRUCTURA METALICA | H25: =SUM(G26) -> 10480800
B26: 3.3 | C26: LIMPIEZA MANUAL-MECÁNICA TIPO SSPC SP2 Y SSPC SP3 PARA PASARELA METÁLICA TORRE RADAR - ESTRUCTURA METALICA DE CONTENEDORES. INCLUYE SISTEMA DE RECUBRIMIENTO PARA LA ESTRUCTURA METÁLICA MEDIANTE IMPRIMANTE EPÓXICO FOSTATO DE CINC TIPO SIKA O SIMILAR Y/O BARNIZ QDS TIPO SIKA O SIMILAR | D26: M² | E26: 132000 | F26: 79.4 | G26: =+E26*F26 -> 10480800
B27: 4 | C27: PINTURA | H27: =SUM(G28) -> 8086800
B28: 4.1 | C28: PINTURA ESMALTE | D28: M2 | E28: 13800 | F28: 586 | G28: =+E28*F28 -> 8086800
B29: 5 | C29: CARPINTERIA EN ALUMINIO | H29: =SUM(G30) -> 303690
B30: 5.1 | C30: MANTENIMIENTO A TODO COSTO DE VENTANERIA, PUERTAS CORREDIZAS EN ALUMINIO | D30: M² | E30: 19100 | F30: 15.9 | G30: =+E30*F30 -> 303690
B31: TOTAL COSTOS DIRECTOS | H31: =SUM(H18:H30) -> 20965240
B32: ADMINISTRACIÓN % | D32: A | F32: =SUM('[1]OFERTA ECONOMICA 02-01 '!$L$68:$L$73)+18% -> 0.18 | H32: =+H31*F32 -> 3773743.2
B33: IMPREVISTOS % | D33: I | F33: 0.05 | H33: =+H31*F33 -> 1048262
B34: UTILIDADES % | D34: U | F34: 0.04 | H34: =+H31*F34 -> 838609.6
B35: IVA SOBRE UTILIDAD | D35: % | F35: 0.19 | H35: =+H34*F35 -> 159335.82
B36: TOTAL COSTOS INDIRECTOS (A.I.U)+ IVA SOBRE UTILIDAD | H36: =SUM(H32:H35) -> 5819950.6
B37: VALOR TOTAL OBRAS CIVILES | H37: =+H31+H36 -> 26785191
B41: " MANTENIMIENTO PREVENTIVO Y CORRECTIVO DE LAS INSTALACIONES DEL RADAR SAN JOSE $ 40.000.000,00"
B42: SHELTERS 9
B43: ÍTEM | C43: ACTIVIDAD | D43: UND | E43: VALOR UNITARIO | F43: CANTIDAD | G43: VALOR PARCIAL | H43: VALOR TOTAL
B44: 1 | C44: PRELIMINARES | H44: =SUM(G45:G46) -> 731000
B45: 1.3 | C45: ESCARIFICADO DE PINTURA EN PAREDES | D45: M² | E45: 5000 | F45: 70 | G45: =+E45*F45 -> 350000
B46: 1.8 | C46: DESMONTE TUBERÍA HIDRÁULICA DE Ø 3" A Ø 6" | D46: ML | E46: 12700 | F46: 30 | G46: =+E46*F46 -> 381000
B47: 2 | C47: MOVIMIENTO DE TIERRAS | H47: =SUM(G48) -> 285840
B48: 2.1 | C48: EXCAVACION MANUAL EN TERRENO CONSISTENTE, INCLUYE CARGUE, RETIRO Y DISPOCISION FINAL DE EXCAVACION | D48: M³ | E48: 79400 | F48: 3.6 | G48: =+E48*F48 -> 285840
B49: 3 | C49: ESTRUCTURA METALICA | H49: =SUM(G50) -> 242000
B50: 3.1 | C50: LIMPIEZA MANUAL-MECÁNICA TIPO SSPC SP2 Y SSPC SP3 PARA ESTRUCTURA METÁLICA EXISTENTE (TUBO DIAMETRO 7", 10" Y 19", PERIL TIPO C 15 CM X 5 CM, PERFIL TIPO L 8 CM X 8 CM, IPE DE 60 A 270 ). INCLUYE SISTEMA DE RECUBRIMIENTO PARA LA ESTRUCTURA METÁLICA MEDIANTE IMPRIMANTE EPÓXICO FOSTATO DE CINC TIPO SIKA O SIMILAR Y/O BARNIZ QDS TIPO SIKA O SIMILAR | D50: ML | E50: 48400 | F50: 5 | G50: =+E50*F50 -> 242000
B51: 4 | C51: PINTURA | H51: =SUM(G52:G55) -> 4126704
B52: 4.2 | C52: VINILO CORRIENTE TIPO-2, 3 MANOS (INCLUYE FILOS Y DILATACIONES) | D52: M² | E52: 11600 | F52: 85 | G52: =+E52*F52 -> 986000
B53: 4.3 | C53: PINTURA PREMIUM PARA EXTERIORES BASE DE AGUA - TRES MANOS (INCLUYE FILOS Y DILATACIONES) | D53: M² | E53: 22300 | F53: 70 | G53: =+E53*F53 -> 1561000
B54: 4.4 | C54: ESTUCO PLÁSTICO ACRÍLICO PARA EXTERIORES A DOS (2) MANOS SOBRE MUROS, INCLUYE FILOS, DILATACIONES Y TODAS LAS ACTIVIDADES NECESARIAS PARA SU CORRECTA INSTALACIÓN | D54: M2 | E54: 19500 | F54: 70 | G54: =+E54*F54 -> 1365000
B55: 4.5 | C55: ESMALTE POLIURETANO | D55: M2 | E55: 56800 | F55: 3.78 | G55: =+E55*F55 -> 214704
B56: 5 | C56: CARPINTERIA EN ALUMINIO | H56: =SUM(G57) -> 32775.6
B57: 5.1 | C57: MANTENIMIENTO A TODO COSTO DE VENTANERIA, PUERTAS CORREDIZAS EN ALUMINIO | D57: M² | E57: 19100 | F57: 1.716 | G57: =+E57*F57 -> 32775.6
B58: 8 | C58: APARATOS SANITARIOS Y ACCESORIOS | H58: =SUM(G59:G59) -> 445000
B59: 8.9 | C59: SUMINISTRO E INSTALACIÓN DE LAVAPLATOS DE EMPOTRAR 0,57 X 0,51 MEZCLADOR PRACTICO | D59: Un | E59: 445000 | F59: 1 | G59: =+E59*F59 -> 445000
B60: 10 | C60: CARPINTERIA EN MADERA | H60: =SUM(G61:G62) -> 2378340
B61: 10.4 | C61: SUMINISTRO E INSTALACIÓN DE MUEBLE BAJO COCINA 2.50 APROXIMADAMENTE X 0.60 X 0.80M ESTRUCTURA EN QUINTUPLEX Y CUERPO EN MADECOR RH DE 15 MM, FORRADO INTERNAMENTE EN FORMICA COLOR BLANCA Y EXTERNAMENTE EN FORMICA COLOR POR DEFINIR, MESON EN GRANITO PULIDO CON SALPICADERO COLOR A ESCOGER POR EL SUPERVISOR, POCETAS, PUERTAS, CAJONERAS, ENTREPAÑOS, MANIJAS DE ACERO. INCLUYE ACCESORIOS, ELEMENTOS DE FIJACIÓN, Y TODO LO DEMÁS PARA SU CORRECTO FUNCIONAMIENTO E INSTALACIÓN. | D61: ML | E61: 891600 | F61: 1.8 | G61: =+E61*F61 -> 1604880
B62: 10.5 | C62: SUMINISTRO E INSTALACIÓN DE MUEBLE ALTO DE COCINA 2.50 APROXIMADAMENTE 0,35 X 0,70 M ESTRUCTURA EN QUINTUPLEX Y CUERPO EN MADECOR RH DE 15 MM, FORRADO INTERNAMENTE EN FORMICA COLOR BLANCA Y EXTERNAMENTE EN FORMICA COLOR POR DEFINIR, PUERTAS , CAJONERAS, MANIJAS DE ACERO, INCLUYE LOCERO Y VAJILLERO PLASTIFICADO, ACCESORIOS, ELEMENTOS DE FIJACIÓN, Y TODO LO DEMÁS PARA SU CORRECTO FUNCIONAMIENTO E INSTALACIÓN. | D62: ML | E62: 429700 | F62: 1.8 | G62: =+E62*F62 -> 773460
B63: 12 | C63: VIDRIOS Y ESPEJOS | H63: =SUM(G64:G64) -> 230000
B64: 12.1 | C64: SUMINISTRO E INSTALACION DE ESPEJO BISELADO E= 4 MM (FLOTADO EN MURO) | D64: M² | E64: 230000 | F64: 1 | G64: =+E64*F64 -> 230000
B65: 13 | C65: INSTALACIONES HIDROSANITARIAS | H65: =SUM(G66:G67) -> 2292500
B66: 13.1 | C66: SUMINISTRO E INSTALACIÓN DE PUNTO DE AGUA FRIA Ø 1/2" , INCLUYE ACCESORIOS PARA SU CORRECTA INSTALACIÓN. | D66: 0 | E66: 43400 | F66: 1 | G66: =+E66*F66 -> 43400
B67: 13.6 | C67: SUMINISTRO E INSTALACIÓN DE TUBERÍA PVC PRESIÓN RDE 21 Ø 4", INCLUYE ACCESORIOS PARA SU CORRECTA INSTALACIÓN. | D67: 0 | E67: 132300 | F67: 17 | G67: =+E67*F67 -> 2249100
B68: SHELTERS 5
B69: ÍTEM | C69: ACTIVIDAD | D69: UND | E69: VALOR UNITARIO | F69: CANTIDAD | G69: VALOR PARCIAL | H69: VALOR TOTAL
B70: 1 | C70: PRELIMINARES | H70: =SUM(G71:G72) -> 731000
B71: 1.3 | C71: ESCARIFICADO DE PINTURA EN PAREDES | D71: M² | E71: 5000 | F71: 70 | G71: =+E71*F71 -> 350000
B72: 1.8 | C72: DESMONTE TUBERÍA HIDRÁULICA DE Ø 3" A Ø 6" | D72: ML | E72: 12700 | F72: 30 | G72: =+E72*F72 -> 381000
B73: 3 | C73: ESTRUCTURA METALICA | H73: =SUM(G74) -> 919600
B74: 3.1 | C74: LIMPIEZA MANUAL-MECÁNICA TIPO SSPC SP2 Y SSPC SP3 PARA ESTRUCTURA METÁLICA EXISTENTE (TUBO DIAMETRO 7", 10" Y 19", PERIL TIPO C 15 CM X 5 CM, PERFIL TIPO L 8 CM X 8 CM, IPE DE 60 A 270 ). INCLUYE SISTEMA DE RECUBRIMIENTO PARA LA ESTRUCTURA METÁLICA MEDIANTE IMPRIMANTE EPÓXICO FOSTATO DE CINC TIPO SIKA O SIMILAR Y/O BARNIZ QDS TIPO SIKA O SIMILAR | D74: ML | E74: 48400 | F74: 19 | G74: =+E74*F74 -> 919600
B75: 4 | C75: PINTURA | H75: =SUM(G76:G79) -> 4126704
B76: 4.2 | C76: VINILO CORRIENTE TIPO-2, 3 MANOS (INCLUYE FILOS Y DILATACIONES) | D76: M² | E76: 11600 | F76: 85 | G76: =+E76*F76 -> 986000
B77: 4.3 | C77: PINTURA PREMIUM PARA EXTERIORES BASE DE AGUA - TRES MANOS (INCLUYE FILOS Y DILATACIONES) | D77: M² | E77: 22300 | F77: 70 | G77: =+E77*F77 -> 1561000
B78: 4.4 | C78: ESTUCO PLÁSTICO ACRÍLICO PARA EXTERIORES A DOS (2) MANOS SOBRE MUROS, INCLUYE FILOS, DILATACIONES Y TODAS LAS ACTIVIDADES NECESARIAS PARA SU CORRECTA INSTALACIÓN | D78: M2 | E78: 19500 | F78: 70 | G78: =+E78*F78 -> 1365000
B79: 4.5 | C79: ESMALTE POLIURETANO | D79: M2 | E79: 56800 | F79: 3.78 | G79: =+E79*F79 -> 214704
B80: 5 | C80: CARPINTERIA EN ALUMINIO | H80: =SUM(G81) -> 32775.6
B81: 5.1 | C81: MANTENIMIENTO A TODO COSTO DE VENTANERIA, PUERTAS CORREDIZAS EN ALUMINIO | D81: M² | E81: 19100 | F81: 1.716 | G81: =+E81*F81 -> 32775.6
B82: 8 | C82: APARATOS SANITARIOS Y ACCESORIOS | H82: =SUM(G83:G84) -> 676700
B83: 8.8 | C83: PRUEBA SANITARIA | D83: Un | E83: 231700 | F83: 1 | G83: =+E83*F83 -> 231700
B84: 8.9 | C84: SUMINISTRO E INSTALACIÓN DE LAVAPLATOS DE EMPOTRAR 0,57 X 0,51 MEZCLADOR PRACTICO | D84: Un | E84: 445000 | F84: 1 | G84: =+E84*F84 -> 445000
B85: 10 | C85: CARPINTERIA EN MADERA | H85: =SUM(G86:G88) -> 4297500
B86: 10.3 | C86: SUMINISTRO E INSTALACION DE CLOSETS EN TABLERO MELAMINICO RH 15MM SEGÚN DISEÑO | D86: M² | E86: 533100 | F86: 3.6 | G86: =+E86*F86 -> 1919160
B87: 10.4 | C87: SUMINISTRO E INSTALACIÓN DE MUEBLE BAJO COCINA 2.50 APROXIMADAMENTE X 0.60 X 0.80M ESTRUCTURA EN QUINTUPLEX Y CUERPO EN MADECOR RH DE 15 MM, FORRADO INTERNAMENTE EN FORMICA COLOR BLANCA Y EXTERNAMENTE EN FORMICA COLOR POR DEFINIR, MESON EN GRANITO PULIDO CON SALPICADERO COLOR A ESCOGER POR EL SUPERVISOR, POCETAS, PUERTAS, CAJONERAS, ENTREPAÑOS, MANIJAS DE ACERO. INCLUYE ACCESORIOS, ELEMENTOS DE FIJACIÓN, Y TODO LO DEMÁS PARA SU CORRECTO FUNCIONAMIENTO E INSTALACIÓN. | D87: ML | E87: 891600 | F87: 1.8 | G87: =+E87*F87 -> 1604880
B88: 10.5 | C88: SUMINISTRO E INSTALACIÓN DE MUEBLE ALTO DE COCINA 2.50 APROXIMADAMENTE 0,35 X 0,70 M ESTRUCTURA EN QUINTUPLEX Y CUERPO EN MADECOR RH DE 15 MM, FORRADO INTERNAMENTE EN FORMICA COLOR BLANCA Y EXTERNAMENTE EN FORMICA COLOR POR DEFINIR, PUERTAS , CAJONERAS, MANIJAS DE ACERO, INCLUYE LOCERO Y VAJILLERO PLASTIFICADO, ACCESORIOS, ELEMENTOS DE FIJACIÓN, Y TODO LO DEMÁS PARA SU CORRECTO FUNCIONAMIENTO E INSTALACIÓN. | D88: ML | E88: 429700 | F88: 1.8 | G88: =+E88*F88 -> 773460
B89: 13 | C89: INSTALACIONES HIDROSANITARIAS | H89: =SUM(G90:G90) -> 43400
B90: 13.1 | C90: SUMINISTRO E INSTALACIÓN DE PUNTO DE AGUA FRIA Ø 1/2" , INCLUYE ACCESORIOS PARA SU CORRECTA INSTALACIÓN. | D90: Un | E90: 43400 | F90: 1 | G90: =+E90*F90 -> 43400
B91: SHELTERS 8
B92: ÍTEM | C92: ACTIVIDAD | D92: UND | E92: VALOR UNITARIO | F92: CANTIDAD | G92: VALOR PARCIAL | H92: VALOR TOTAL
B93: 1 | C93: PRELIMINARES | H93: =SUM(G94:G94) -> 350000
B94: 1.3 | C94: ESCARIFICADO DE PINTURA EN PAREDES | D94: M² | E94: 5000 | F94: 70 | G94: =+E94*F94 -> 350000
B95: 3 | C95: ESTRUCTURA METALICA | H95: =SUM(G96) -> 387200
B96: 3.1 | C96: LIMPIEZA MANUAL-MECÁNICA TIPO SSPC SP2 Y SSPC SP3 PARA ESTRUCTURA METÁLICA EXISTENTE (TUBO DIAMETRO 7", 10" Y 19", PERIL TIPO C 15 CM X 5 CM, PERFIL TIPO L 8 CM X 8 CM, IPE DE 60 A 270 ). INCLUYE SISTEMA DE RECUBRIMIENTO PARA LA ESTRUCTURA METÁLICA MEDIANTE IMPRIMANTE EPÓXICO FOSTATO DE CINC TIPO SIKA O SIMILAR Y/O BARNIZ QDS TIPO SIKA O SIMILAR | D96: ML | E96: 48400 | F96: 8 | G96: =+E96*F96 -> 387200
B97: 4 | C97: PINTURA | H97: =SUM(G98:G100) -> 4074400
B98: 4.2 | C98: VINILO CORRIENTE TIPO-2, 3 MANOS (INCLUYE FILOS Y DILATACIONES) | D98: M² | E98: 11600 | F98: 99 | G98: =+E98*F98 -> 1148400
B99: 4.3 | C99: PINTURA PREMIUM PARA EXTERIORES BASE DE AGUA - TRES MANOS (INCLUYE FILOS Y DILATACIONES) | D99: M² | E99: 22300 | F99: 70 | G99: =+E99*F99 -> 1561000
B100: 4.4 | C100: ESTUCO PLÁSTICO ACRÍLICO PARA EXTERIORES A DOS (2) MANOS SOBRE MUROS, INCLUYE FILOS, DILATACIONES Y TODAS LAS ACTIVIDADES NECESARIAS PARA SU CORRECTA INSTALACIÓN | D100: M2 | E100: 19500 | F100: 70 | G100: =+E100*F100 -> 1365000
B101: 5 | C101: CARPINTERIA EN ALUMINIO | H101: =SUM(G102) -> 42020
B102: 5.1 | C102: MANTENIMIENTO A TODO COSTO DE VENTANERIA, PUERTAS CORREDIZAS EN ALUMINIO | D102: M² | E102: 19100 | F102: 2.2 | G102: =+E102*F102 -> 42020
B103: 6 | C103: ACABADOS E IMPERMEABILIZACIONES | H103: =SUM(G104:G104) -> 127200
B104: 6.4 | C104: REFORZAMIENTO PISO EXISTENTE | D104: M² | E104: 42400 | F104: 3 | G104: =+E104*F104 -> 127200
B105: 10 | C105: CARPINTERIA EN MADERA | H105: =SUM(G106) -> 1919160
B106: 10.3 | C106: SUMINISTRO E INSTALACION DE CLOSETS EN TABLERO MELAMINICO RH 15MM SEGÚN DISEÑO | D106: M² | E106: 533100 | F106: 3.6 | G106: =+E106*F106 -> 1919160
...

Sheet PROYECTOS Y SOLUCIONES EN INGEN
B2: FUERZAS MILITARES DE COLOMBIA- MINISTERIO DE DEFENSA NACIONAL
B3: FUERZA AÉREA COLOMBIANA
B4: COMANDO AÉREO DE COMBATE No.2
B5: OBJETO: | C5: MANTENIMIENTO PREVENTIVO Y CORRECTIVO Y ADECUACIÓN A TODO COSTO DE LOS CONTENEDORES (SHELTERS) DE LA FTC OMEGA - PAC RADAR DE SAN JOSE DEL GUAVIARE Y TORRE RADAR DE CONFORMIDAD CON LAS ESPECIFICACIONES TECNICAS.
B7: NOTAS:
B8: Las cantidades de obra que a continuación se presentan son aproximadas.
B9: Su pago será determinado por la obra medida, realmente ejecutada, previa medición por parte de la supervision.
B10: Durante la ejecución de la obra se deben verificar las medidas por parte del contratista y la supervision
B11: El contratista deberá prever todos los costos correspondientes a materiales, mano de obra, transportes y demás costos directos e indirectos requeridos para realizar la totalidad de las obras. | K11: 0.96452086
B12: ANEXO 7.2.
B13: PRESUPUESTO OFICIAL RUBRO 02-02-02-005-004-01-2 REC 10 $110.000.000,00
B15: OFERTA ECONOMICA
B16: MANTENIMIENTO Y ADECUACION SHELTERS OMEGA $ 30.000.000,00
B17: ÍTEM | C17: ACTIVIDAD | D17: UND | E17: VALOR UNITARIO | F17: CANTIDAD | G17: VALOR PARCIAL | H17: VALOR TOTAL
B18: 1 | C18: PRELIMINARES | H18: =SUM(G19:G24) -> 2083739.5
B19: 1.1 | C19: REMOCIÓN (DEMOLICIÓN) DE ACABADO DE PISO Y PAREDES, INCLUYE RETIRO | D19: M² | E19: 15599 | F19: 84 | G19: =+E19*F19 -> 1310316 | J19: =ROUND($K$11*E19,0) -> 15046 | K19: =J19*F19 -> 1263864 | L19: 16173
B20: 1.2 | C20: DESMONTE DE PUERTAS INCLUYE EL MARCO Y TAPA LUCES, INCLUYE RETIRO | D20: Un | E20: 13115 | F20: 14 | G20: =+E20*F20 -> 183610 | J20: =ROUND($K$11*E20,0) -> 12650 | K20: =J20*F20 -> 177100 | L20: 13597
B21: 1.4 | C21: DESMONTE DE APARATOS SANITARIOS Y DIVISIONES DE DUCHAS Y SANITARIOS. | D21: Un | E21: 17780 | F21: 14 | G21: =+E21*F21 -> 248920 | J21: =ROUND($K$11*E21,0) -> 17149 | K21: =J21*F21 -> 240086 | L21: 18434
B22: 1.5 | C22: DESMONTE DE CIELO RASO, INCLUYE DESMONTE DE ESTRUCTURA Y RETIRO | D22: M² | E22: 11542 | F22: 26.25 | G22: =+E22*F22 -> 302977.5 | J22: =ROUND($K$11*E22,0) -> 11132 | K22: =J22*F22 -> 292215 | L22: 11967
B23: 1.6 | C23: DESMONTE DE ESPEJOS, INCLUYE RETIRO | D23: UN | E23: 4206 | F23: 7 | G23: =+E23*F23 -> 29442 | J23: =ROUND($K$11*E23,0) -> 4057 | K23: =J23*F23 -> 28399 | L23: 4361
B24: 1.7 | C24: ESCARIFICACIÓN Y RETIRO DE PAÑETE | D24: M² | E24: 8474 | F24: 1 | G24: =+E24*F24 -> 8474 | J24: =ROUND($K$11*E24,0) -> 8173 | K24: =J24*F24 -> 8173 | L24: 8786
B25: 3 | C25: ESTRUCTURA METALICA | E25: 0 | H25: =SUM(G26) -> 11258682 | J25: =ROUND($K$11*E25,0) -> 0 | K25: =J25*F25 -> 0
B26: 3.3 | C26: LIMPIEZA MANUAL-MECÁNICA TIPO SSPC SP2 Y SSPC SP3 PARA PASARELA METÁLICA TORRE RADAR - ESTRUCTURA METALICA DE CONTENEDORES. INCLUYE SISTEMA DE RECUBRIMIENTO PARA LA ESTRUCTURA METÁLICA MEDIANTE IMPRIMANTE EPÓXICO FOSTATO DE CINC TIPO SIKA O SIMILAR Y/O BARNIZ QDS TIPO SIKA O SIMILAR | D26: M² | E26: 141797 | F26: 79.4 | G26: =+E26*F26 -> 11258682 | J26: =ROUND($K$11*E26,0) -> 136766 | K26: =J26*F26 -> 10859220 | L26: 147012.93
B27: 4 | C27: PINTURA | E27: 0 | H27: =SUM(G28) -> 8113756 | J27: =ROUND($K$11*E27,0) -> 0 | K27: =J27*F27 -> 0
B28: 4.1 | C28: PINTURA ESMALTE | D28: M2 | E28: 13846 | F28: 586 | G28: =+E28*F28 -> 8113756 | J28: =ROUND($K$11*E28,0) -> 13355 | K28: =J28*F28 -> 7826030 | L28: 14355.64
B29: 5 | C29: CARPINTERIA EN ALUMINIO | E29: 0 | H29: =SUM(G30) -> 304946.1 | J29: =ROUND($K$11*E29,0) -> 0 | K29: =J29*F29 -> 0
B30: 5.1 | C30: MANTENIMIENTO A TODO COSTO DE VENTANERIA, PUERTAS CORREDIZAS EN ALUMINIO | D30: M² | E30: 19179 | F30: 15.9 | G30: =+E30*F30 -> 304946.1 | J30: =ROUND($K$11*E30,0) -> 18499 | K30: =J30*F30 -> 294134.1 | L30: 19884.98
B31: TOTAL COSTOS DIRECTOS | H31: =ROUND(SUM(H18:H30),0) -> 21761123 | J31: =ROUND($K$11*E31,0) -> 0 | K31: =J31*F31 -> 0
B32: ADMINISTRACIÓN % | D32: A | F32: 0.272 | H32: =+H31*F32 -> 5919025.5 | J32: =ROUND($K$11*E32,0) -> 0 | K32: =J32*F32 -> 0
B33: IMPREVISTOS % | D33: I | F33: 0.01 | H33: =+H31*F33 -> 217611.23 | J33: =ROUND($K$11*E33,0) -> 0 | K33: =J33*F33 -> 0
B34: UTILIDADES % | D34: U | F34: 0.04 | H34: =+H31*F34 -> 870444.92 | J34: =ROUND($K$11*E34,0) -> 0 | K34: =J34*F34 -> 0
B35: IVA SOBRE UTILIDAD | D35: % | F35: 0.19 | H35: =+H34*F35 -> 165384.53 | J35: =ROUND($K$11*E35,0) -> 0 | K35: =J35*F35 -> 0
B36: TOTAL COSTOS INDIRECTOS (A.I.U)+ IVA SOBRE UTILIDAD | H36: =ROUND(SUM(H32:H35),0) -> 7172466 | J36: =ROUND($K$11*E36,0) -> 0 | K36: =J36*F36 -> 0
B37: VALOR TOTAL OBRAS CIVILES | H37: =ROUND(+H31+H36,0) -> 28933589 | J37: =ROUND($K$11*E37,0) -> 0 | K37: =J37*F37 -> 0
J38: =ROUND($K$11*E38,0) -> 0 | K38: =J38*F38 -> 0
J39: =ROUND($K$11*E39,0) -> 0 | K39: =J39*F39 -> 0
J40: =ROUND($K$11*E40,0) -> 0 | K40: =J40*F40 -> 0
B41: " MANTENIMIENTO PREVENTIVO Y CORRECTIVO DE LAS INSTALACIONES DEL RADAR SAN JOSE $ 40.000.000,00" | J41: =ROUND($K$11*E41,0) -> 0 | K41: =J41*F41 -> 0
B42: SHELTERS 9 | J42: =ROUND($K$11*E42,0) -> 0 | K42: =J42*F42 -> 0
B43: ÍTEM | C43: ACTIVIDAD | D43: UND | E43: VALOR UNITARIO | F43: CANTIDAD | G43: VALOR PARCIAL | H43: VALOR TOTAL
B44: 1 | C44: PRELIMINARES | H44: =SUM(G45:G46) -> 765850
B45: 1.3 | C45: ESCARIFICADO DE PINTURA EN PAREDES | D45: M² | E45: 5101 | F45: 70 | G45: =+E45*F45 -> 357070 | J45: =ROUND($K$11*E45,0) -> 4920 | K45: =J45*F45 -> 344400 | L45: 5289
B46: 1.8 | C46: DESMONTE TUBERÍA HIDRÁULICA DE Ø 3" A Ø 6" | D46: ML | E46: 13626 | F46: 30 | G46: =+E46*F46 -> 408780 | J46: =ROUND($K$11*E46,0) -> 13143 | K46: =J46*F46 -> 394290 | L46: 14127.45
B47: 2 | C47: MOVIMIENTO DE TIERRAS | E47: 0 | H47: =SUM(G48) -> 277142.4 | J47: =ROUND($K$11*E47,0) -> 0 | K47: =J47*F47 -> 0
B48: 2.1 | C48: EXCAVACION MANUAL EN TERRENO CONSISTENTE, INCLUYE CARGUE, RETIRO Y DISPOCISION FINAL DE EXCAVACION | D48: M³ | E48: 76984 | F48: 3.6 | G48: =+E48*F48 -> 277142.4 | J48: =ROUND($K$11*E48,0) -> 74253 | K48: =J48*F48 -> 267310.8 | L48: 79816
B49: 3 | C49: ESTRUCTURA METALICA | E49: 0 | H49: =SUM(G50) -> 248730 | J49: =ROUND($K$11*E49,0) -> 0 | K49: =J49*F49 -> 0
B50: 3.1 | C50: LIMPIEZA MANUAL-MECÁNICA TIPO SSPC SP2 Y SSPC SP3 PARA ESTRUCTURA METÁLICA EXISTENTE (TUBO DIAMETRO 7", 10" Y 19", PERIL TIPO C 15 CM X 5 CM, PERFIL TIPO L 8 CM X 8 CM, IPE DE 60 A 270 ). INCLUYE SISTEMA DE RECUBRIMIENTO PARA LA ESTRUCTURA METÁLICA MEDIANTE IMPRIMANTE EPÓXICO FOSTATO DE CINC TIPO SIKA O SIMILAR Y/O BARNIZ QDS TIPO SIKA O SIMILAR | D50: ML | E50: 49746 | F50: 5 | G50: =+E50*F50 -> 248730 | J50: =ROUND($K$11*E50,0) -> 47981 | K50: =J50*F50 -> 239905 | L50: 51575.78
B51: 4 | C51: PINTURA | E51: 0 | H51: =SUM(G52:G55) -> 4244411.7 | J51: =ROUND($K$11*E51,0) -> 0 | K51: =J51*F51 -> 0
B52: 4.2 | C52: VINILO CORRIENTE TIPO-2, 3 MANOS (INCLUYE FILOS Y DILATACIONES) | D52: M² | E52: 12009 | F52: 85 | G52: =+E52*F52 -> 1020765 | J52: =ROUND($K$11*E52,0) -> 11583 | K52: =J52*F52 -> 984555 | L52: 12450.71
B53: 4.3 | C53: PINTURA PREMIUM PARA EXTERIORES BASE DE AGUA - TRES MANOS (INCLUYE FILOS Y DILATACIONES) | D53: M² | E53: 22628 | F53: 70 | G53: =+E53*F53 -> 1583960 | J53: =ROUND($K$11*E53,0) -> 21825 | K53: =J53*F53 -> 1527750 | L53: 23460
B54: 4.4 | C54: ESTUCO PLÁSTICO ACRÍLICO PARA EXTERIORES A DOS (2) MANOS SOBRE MUROS, INCLUYE FILOS, DILATACIONES Y TODAS LAS ACTIVIDADES NECESARIAS PARA SU CORRECTA INSTALACIÓN | D54: M2 | E54: 20442 | F54: 70 | G54: =+E54*F54 -> 1430940 | J54: =ROUND($K$11*E54,0) -> 19717 | K54: =J54*F54 -> 1380190 | L54: 21193.97
B55: 4.5 | C55: ESMALTE POLIURETANO | D55: M2 | E55: 55224 | F55: 3.78 | G55: =+E55*F55 -> 208746.72 | J55: =ROUND($K$11*E55,0) -> 53265 | K55: =J55*F55 -> 201341.7 | L55: 57255.88
B56: 5 | C56: CARPINTERIA EN ALUMINIO | E56: 0 | H56: =SUM(G57) -> 32911.164 | J56: =ROUND($K$11*E56,0) -> 0 | K56: =J56*F56 -> 0
B57: 5.1 | C57: MANTENIMIENTO A TODO COSTO DE VENTANERIA, PUERTAS CORREDIZAS EN ALUMINIO | D57: M² | E57: 19179 | F57: 1.716 | G57: =+E57*F57 -> 32911.164 | J57: =ROUND($K$11*E57,0) -> 18499 | K57: =J57*F57 -> 31744.284 | L57: 19884.98
B58: 8 | C58: APARATOS SANITARIOS Y ACCESORIOS | E58: 0 | H58: =SUM(G59:G59) -> 439826 | J58: =ROUND($K$11*E58,0) -> 0 | K58: =J58*F58 -> 0
B59: 8.9 | C59: SUMINISTRO E INSTALACIÓN DE LAVAPLATOS DE EMPOTRAR 0,57 X 0,51 MEZCLADOR PRACTICO | D59: Un | E59: 439826 | F59: 1 | G59: =+E59*F59 -> 439826 | J59: =ROUND($K$11*E59,0) -> 424221 | K59: =J59*F59 -> 424221 | L59: 456005
B60: 10 | C60: CARPINTERIA EN MADERA | E60: 0 | H60: =SUM(G61:G62) -> 2359659.6 | J60: =ROUND($K$11*E60,0) -> 0 | K60: =J60*F60 -> 0
B61: 10.4 | C61: SUMINISTRO E INSTALACIÓN DE MUEBLE BAJO COCINA 2.50 APROXIMADAMENTE X 0.60 X 0.80M ESTRUCTURA EN QUINTUPLEX Y CUERPO EN MADECOR RH DE 15 MM, FORRADO INTERNAMENTE EN FORMICA COLOR BLANCA Y EXTERNAMENTE EN FORMICA COLOR POR DEFINIR, MESON EN GRANITO PULIDO CON SALPICADERO COLOR A ESCOGER POR EL SUPERVISOR, POCETAS, PUERTAS, CAJONERAS, ENTREPAÑOS, MANIJAS DE ACERO. INCLUYE ACCESORIOS, ELEMENTOS DE FIJACIÓN, Y TODO LO DEMÁS PARA SU CORRECTO FUNCIONAMIENTO E INSTALACIÓN. | D61: ML | E61: 865150 | F61: 1.8 | G61: =+E61*F61 -> 1557270 | J61: =ROUND($K$11*E61,0) -> 834455 | K61: =J61*F61 -> 1502019 | L61: 896974
B62: 10.5 | C62: SUMINISTRO E INSTALACIÓN DE MUEBLE ALTO DE COCINA 2.50 APROXIMADAMENTE 0,35 X 0,70 M ESTRUCTURA EN QUINTUPLEX Y CUERPO EN MADECOR RH DE 15 MM, FORRADO INTERNAMENTE EN FORMICA COLOR BLANCA Y EXTERNAMENTE EN FORMICA COLOR POR DEFINIR, PUERTAS , CAJONERAS, MANIJAS DE ACERO, INCLUYE LOCERO Y VAJILLERO PLASTIFICADO, ACCESORIOS, ELEMENTOS DE FIJACIÓN, Y TODO LO DEMÁS PARA SU CORRECTO FUNCIONAMIENTO E INSTALACIÓN. | D62: ML | E62: 445772 | F62: 1.8 | G62: =+E62*F62 -> 802389.6 | J62: =ROUND($K$11*E62,0) -> 429956 | K62: =J62*F62 -> 773920.8 | L62: 462169.5
B63: 12 | C63: VIDRIOS Y ESPEJOS | E63: 0 | H63: =SUM(G64:G64) -> 231559 | J63: =ROUND($K$11*E63,0) -> 0 | K63: =J63*F63 -> 0
B64: 12.1 | C64: SUMINISTRO E INSTALACION DE ESPEJO BISELADO E= 4 MM (FLOTADO EN MURO) | D64: M² | E64: 231559 | F64: 1 | G64: =+E64*F64 -> 231559 | J64: =ROUND($K$11*E64,0) -> 223343 | K64: =J64*F64 -> 223343 | L64: 240077
B65: 13 | C65: INSTALACIONES HIDROSANITARIAS | E65: 0 | H65: =SUM(G66:G67) -> 2280255 | J65: =ROUND($K$11*E65,0) -> 0 | K65: =J65*F65 -> 0
B66: 13.1 | C66: SUMINISTRO E INSTALACIÓN DE PUNTO DE AGUA FRIA Ø 1/2" , INCLUYE ACCESORIOS PARA SU CORRECTA INSTALACIÓN. | D66: 0 | E66: 45979 | F66: 1 | G66: =+E66*F66 -> 45979 | J66: =ROUND($K$11*E66,0) -> 44348 | K66: =J66*F66 -> 44348 | L66: 47670
B67: 13.6 | C67: SUMINISTRO E INSTALACIÓN DE TUBERÍA PVC PRESIÓN RDE 21 Ø 4", INCLUYE ACCESORIOS PARA SU CORRECTA INSTALACIÓN. | D67: 0 | E67: 131428 | F67: 17 | G67: =+E67*F67 -> 2234276 | J67: =ROUND($K$11*E67,0) -> 126765 | K67: =J67*F67 -> 2155005 | L67: 136262
B68: SHELTERS 5 | J68: =ROUND($K$11*E68,0) -> 0 | K68: =J68*F68 -> 0
B69: ÍTEM | C69: ACTIVIDAD | D69: UND | E69: VALOR UNITARIO | F69: CANTIDAD | G69: VALOR PARCIAL | H69: VALOR TOTAL
B70: 1 | C70: PRELIMINARES | H70: =SUM(G71:G72) -> 765850
B71: 1.3 | C71: ESCARIFICADO DE PINTURA EN PAREDES | D71: M² | E71: 5101 | F71: 70 | G71: =+E71*F71 -> 357070 | J71: =ROUND($K$11*E71,0) -> 4920 | K71: =J71*F71 -> 344400 | L71: $ 5.289,00
B72: 1.8 | C72: DESMONTE TUBERÍA HIDRÁULICA DE Ø 3" A Ø 6" | D72: ML | E72: 13626 | F72: 30 | G72: =+E72*F72 -> 408780 | J72: =ROUND($K$11*E72,0) -> 13143 | K72: =J72*F72 -> 394290 | L72: $ 14.127,45
B73: 3 | C73: ESTRUCTURA METALICA | H73: =SUM(G74) -> 945174 | J73: =ROUND($K$11*E73,0) -> 0 | K73: =J73*F73 -> 0
B74: 3.1 | C74: LIMPIEZA MANUAL-MECÁNICA TIPO SSPC SP2 Y SSPC SP3 PARA ESTRUCTURA METÁLICA EXISTENTE (TUBO DIAMETRO 7", 10" Y 19", PERIL TIPO C 15 CM X 5 CM, PERFIL TIPO L 8 CM X 8 CM, IPE DE 60 A 270 ). INCLUYE SISTEMA DE RECUBRIMIENTO PARA LA ESTRUCTURA METÁLICA MEDIANTE IMPRIMANTE EPÓXICO FOSTATO DE CINC TIPO SIKA O SIMILAR Y/O BARNIZ QDS TIPO SIKA O SIMILAR | D74: ML | E74: 49746 | F74: 19 | G74: =+E74*F74 -> 945174 | J74: =ROUND($K$11*E74,0) -> 47981 | K74: =J74*F74 -> 911639 | L74: 51575.78
B75: 4 | C75: PINTURA | E75: 0 | H75: =SUM(G76:G79) -> 4244411.7 | J75: =ROUND($K$11*E75,0) -> 0 | K75: =J75*F75 -> 0
B76: 4.2 | C76: VINILO CORRIENTE TIPO-2, 3 MANOS (INCLUYE FILOS Y DILATACIONES) | D76: M² | E76: 12009 | F76: 85 | G76: =+E76*F76 -> 1020765 | J76: =ROUND($K$11*E76,0) -> 11583 | K76: =J76*F76 -> 984555 | L76: 12450.71
B77: 4.3 | C77: PINTURA PREMIUM PARA EXTERIORES BASE DE AGUA - TRES MANOS (INCLUYE FILOS Y DILATACIONES) | D77: M² | E77: 22628 | F77: 70 | G77: =+E77*F77 -> 1583960 | J77: =ROUND($K$11*E77,0) -> 21825 | K77: =J77*F77 -> 1527750 | L77: 23460
B78: 4.4 | C78: ESTUCO PLÁSTICO ACRÍLICO PARA EXTERIORES A DOS (2) MANOS SOBRE MUROS, INCLUYE FILOS, DILATACIONES Y TODAS LAS ACTIVIDADES NECESARIAS PARA SU CORRECTA INSTALACIÓN | D78: M2 | E78: 20442 | F78: 70 | G78: =+E78*F78 -> 1430940 | J78: =ROUND($K$11*E78,0) -> 19717 | K78: =J78*F78 -> 1380190 | L78: 21193.97
B79: 4.5 | C79: ESMALTE POLIURETANO | D79: M2 | E79: 55224 | F79: 3.78 | G79: =+E79*F79 -> 208746.72 | J79: =ROUND($K$11*E79,0) -> 53265 | K79: =J79*F79 -> 201341.7 | L79: 57255.88
B80: 5 | C80: CARPINTERIA EN ALUMINIO | E80: 0 | H80: =SUM(G81) -> 32911.164 | J80: =ROUND($K$11*E80,0) -> 0 | K80: =J80*F80 -> 0
B81: 5.1 | C81: MANTENIMIENTO A TODO COSTO DE VENTANERIA, PUERTAS CORREDIZAS EN ALUMINIO | D81: M² | E81: 19179 | F81: 1.716 | G81: =+E81*F81 -> 32911.164 | J81: =ROUND($K$11*E81,0) -> 18499 | K81: =J81*F81 -> 31744.284 | L81: 19884.98
B82: 8 | C82: APARATOS SANITARIOS Y ACCESORIOS | E82: 0 | H82: =SUM(G83:G84) -> 691092 | J82: =ROUND($K$11*E82,0) -> 0 | K82: =J82*F82 -> 0
B83: 8.8 | C83: PRUEBA SANITARIA | D83: Un | E83: 251266 | F83: 1 | G83: =+E83*F83 -> 251266 | J83: =ROUND($K$11*E83,0) -> 242351 | K83: =J83*F83 -> 242351 | L83: 260509
B84: 8.9 | C84: SUMINISTRO E INSTALACIÓN DE LAVAPLATOS DE EMPOTRAR 0,57 X 0,51 MEZCLADOR PRACTICO | D84: Un | E84: 439826 | F84: 1 | G84: =+E84*F84 -> 439826 | J84: =ROUND($K$11*E84,0) -> 424221 | K84: =J84*F84 -> 424221 | L84: 456005
B85: 10 | C85: CARPINTERIA EN MADERA | E85: 0 | H85: =SUM(G86:G88) -> 4318383.6 | J85: =ROUND($K$11*E85,0) -> 0 | K85: =J85*F85 -> 0
B86: 10.3 | C86: SUMINISTRO E INSTALACION DE CLOSETS EN TABLERO MELAMINICO RH 15MM SEGÚN DISEÑO | D86: M² | E86: 544090 | F86: 3.6 | G86: =+E86*F86 -> 1958724 | J86: =ROUND($K$11*E86,0) -> 524786 | K86: =J86*F86 -> 1889229.6 | L86: 564104
B87: 10.4 | C87: SUMINISTRO E INSTALACIÓN DE MUEBLE BAJO COCINA 2.50 APROXIMADAMENTE X 0.60 X 0.80M ESTRUCTURA EN QUINTUPLEX Y CUERPO EN MADECOR RH DE 15 MM, FORRADO INTERNAMENTE EN FORMICA COLOR BLANCA Y EXTERNAMENTE EN FORMICA COLOR POR DEFINIR, MESON EN GRANITO PULIDO CON SALPICADERO COLOR A ESCOGER POR EL SUPERVISOR, POCETAS, PUERTAS, CAJONERAS, ENTREPAÑOS, MANIJAS DE ACERO. INCLUYE ACCESORIOS, ELEMENTOS DE FIJACIÓN, Y TODO LO DEMÁS PARA SU CORRECTO FUNCIONAMIENTO E INSTALACIÓN. | D87: ML | E87: 865150 | F87: 1.8 | G87: =+E87*F87 -> 1557270 | J87: =ROUND($K$11*E87,0) -> 834455 | K87: =J87*F87 -> 1502019 | L87: 896974
B88: 10.5 | C88: SUMINISTRO E INSTALACIÓN DE MUEBLE ALTO DE COCINA 2.50 APROXIMADAMENTE 0,35 X 0,70 M ESTRUCTURA EN QUINTUPLEX Y CUERPO EN MADECOR RH DE 15 MM, FORRADO INTERNAMENTE EN FORMICA COLOR BLANCA Y EXTERNAMENTE EN FORMICA COLOR POR DEFINIR, PUERTAS , CAJONERAS, MANIJAS DE ACERO, INCLUYE LOCERO Y VAJILLERO PLASTIFICADO, ACCESORIOS, ELEMENTOS DE FIJACIÓN, Y TODO LO DEMÁS PARA SU CORRECTO FUNCIONAMIENTO E INSTALACIÓN. | D88: ML | E88: 445772 | F88: 1.8 | G88: =+E88*F88 -> 802389.6 | J88: =ROUND($K$11*E88,0) -> 429956 | K88: =J88*F88 -> 773920.8 | L88: 462169.5
B89: 13 | C89: INSTALACIONES HIDROSANITARIAS | E89: 0 | H89: =SUM(G90:G90) -> 45979 | J89: =ROUND($K$11*E89,0) -> 0 | K89: =J89*F89 -> 0
B90: 13.1 | C90: SUMINISTRO E INSTALACIÓN DE PUNTO DE AGUA FRIA Ø 1/2" , INCLUYE ACCESORIOS PARA SU CORRECTA INSTALACIÓN. | D90: Un | E90: 45979 | F90: 1 | G90: =+E90*F90 -> 45979 | J90: =ROUND($K$11*E90,0) -> 44348 | K90: =J90*F90 -> 44348 | L90: 47670
B91: SHELTERS 8 | J91: =ROUND($K$11*E91,0) -> 0 | K91: =J91*F91 -> 0
B92: ÍTEM | C92: ACTIVIDAD | D92: UND | E92: VALOR UNITARIO | F92: CANTIDAD | G92: VALOR PARCIAL | H92: VALOR TOTAL
B93: 1 | C93: PRELIMINARES | H93: =SUM(G94:G94) -> 357070 | J93: =ROUND($K$11*E93,0) -> 0 | K93: =J93*F93 -> 0
B94: 1.3 | C94: ESCARIFICADO DE PINTURA EN PAREDES | D94: M² | E94: 5101 | F94: 70 | G94: =+E94*F94 -> 357070 | J94: =ROUND($K$11*E94,0) -> 4920 | K94: =J94*F94 -> 344400 | L94: 5289
B95: 3 | C95: ESTRUCTURA METALICA | E95: 0 | H95: =SUM(G96) -> 397968 | J95: =ROUND($K$11*E95,0) -> 0 | K95: =J95*F95 -> 0
B96: 3.1 | C96: LIMPIEZA MANUAL-MECÁNICA TIPO SSPC SP2 Y SSPC SP3 PARA ESTRUCTURA METÁLICA EXISTENTE (TUBO DIAMETRO 7", 10" Y 19", PERIL TIPO C 15 CM X 5 CM, PERFIL TIPO L 8 CM X 8 CM, IPE DE 60 A 270 ). INCLUYE SISTEMA DE RECUBRIMIENTO PARA LA ESTRUCTURA METÁLICA MEDIANTE IMPRIMANTE EPÓXICO FOSTATO DE CINC TIPO SIKA O SIMILAR Y/O BARNIZ QDS TIPO SIKA O SIMILAR | D96: ML | E96: 49746 | F96: 8 | G96: =+E96*F96 -> 397968 | J96: =ROUND($K$11*E96,0) -> 47981 | K96: =J96*F96 -> 383848 | L96: 51575.78
B97: 4 | C97: PINTURA | E97: 0 | H97: =SUM(G98:G100) -> 4203791 | J97: =ROUND($K$11*E97,0) -> 0 | K97: =J97*F97 -> 0
B98: 4.2 | C98: VINILO CORRIENTE TIPO-2, 3 MANOS (INCLUYE FILOS Y DILATACIONES) | D98: M² | E98: 12009 | F98: 99 | G98: =+E98*F98 -> 1188891 | J98: =ROUND($K$11*E98,0) -> 11583 | K98: =J98*F98 -> 1146717 | L98: 12450.71
B99: 4.3 | C99: PINTURA PREMIUM PARA EXTERIORES BASE DE AGUA - TRES MANOS (INCLUYE FILOS Y DILATACIONES) | D99: M² | E99: 22628 | F99: 70 | G99: =+E99*F99 -> 1583960 | J99: =ROUND($K$11*E99,0) -> 21825 | K99: =J99*F99 -> 1527750 | L99: 23460
B100: 4.4 | C100: ESTUCO PLÁSTICO ACRÍLICO PARA EXTERIORES A DOS (2) MANOS SOBRE MUROS, INCLUYE FILOS, DILATACIONES Y TODAS LAS ACTIVIDADES NECESARIAS PARA SU CORRECTA INSTALACIÓN | D100: M2 | E100: 20442 | F100: 70 | G100: =+E100*F100 -> 1430940 | J100: =ROUND($K$11*E100,0) -> 19717 | K100: =J100*F100 -> 1380190 | L100: 21193.97
B101: 5 | C101: CARPINTERIA EN ALUMINIO | E101: 0 | H101: =SUM(G102) -> 42193.8 | J101: =ROUND($K$11*E101,0) -> 0 | K101: =J101*F101 -> 0
B102: 5.1 | C102: MANTENIMIENTO A TODO COSTO DE VENTANERIA, PUERTAS CORREDIZAS EN ALUMINIO | D102: M² | E102: 19179 | F102: 2.2 | G102: =+E102*F102 -> 42193.8 | J102: =ROUND($K$11*E102,0) -> 18499 | K102: =J102*F102 -> 40697.8 | L102: 19884.98
B103: 6 | C103: ACABADOS E IMPERMEABILIZACIONES | E103: 0 | H103: =SUM(G104:G104) -> 130191 | J103: =ROUND($K$11*E103,0) -> 0 | K103: =J103*F103 -> 0
...

Sheet CONSORCIO VENTURA
B2: FUERZAS MILITARES DE COLOMBIA- MINISTERIO DE DEFENSA NACIONAL
B3: FUERZA AÉREA COLOMBIANA
B4: COMANDO AÉREO DE COMBATE No.2
B5: OBJETO: | C5: MANTENIMIENTO PREVENTIVO Y CORRECTIVO Y ADECUACIÓN A TODO COSTO DE LOS CONTENEDORES (SHELTERS) DE LA FTC OMEGA - PAC RADAR DE SAN JOSE DEL GUAVIARE Y TORRE RADAR DE CONFORMIDAD CON LAS ESPECIFICACIONES TECNICAS.
B7: NOTAS:
B8: Las cantidades de obra que a continuación se presentan son aproximadas.
B9: Su pago será determinado por la obra medida, realmente ejecutada, previa medición por parte de la supervision.
B10: Durante la ejecución de la obra se deben verificar las medidas por parte del contratista y la supervision
B11: El contratista deberá prever todos los costos correspondientes a materiales, mano de obra, transportes y demás costos directos e indirectos requeridos para realizar la totalidad de las obras.
B12: ANEXO 7.2.
B13: PRESUPUESTO OFICIAL RUBRO 02-02-02-005-004-01-2 REC 10 $110.000.000,00
B15: OFERTA ECONOMICA
B16: MANTENIMIENTO Y ADECUACION SHELTERS OMEGA $ 30.000.000,00
B17: ÍTEM | C17: ACTIVIDAD | D17: UND | E17: VALOR UNITARIO | F17: CANTIDAD | G17: VALOR PARCIAL | H17: VALOR TOTAL
B18: 1 | C18: PRELIMINARES | H18: =SUM(G19:G24) -> 2101606.3
B19: 1.1 | C19: REMOCIÓN (DEMOLICIÓN) DE ACABADO DE PISO Y PAREDES, INCLUYE RETIRO | D19: M² | E19: =J19-(2.722%*J19) -> 15732.771 | F19: 84 | G19: =+E19*F19 -> 1321552.8 | J19: 16173
B20: 1.2 | C20: DESMONTE DE PUERTAS INCLUYE EL MARCO Y TAPA LUCES, INCLUYE RETIRO | D20: Un | E20: =J20-(2.722%*J20) -> 13226.89 | F20: 14 | G20: =+E20*F20 -> 185176.46 | J20: 13597
B21: 1.4 | C21: DESMONTE DE APARATOS SANITARIOS Y DIVISIONES DE DUCHAS Y SANITARIOS. | D21: Un | E21: =J21-(2.722%*J21) -> 17932.227 | F21: 14 | G21: =+E21*F21 -> 251051.17 | J21: 18434
B22: 1.5 | C22: DESMONTE DE CIELO RASO, INCLUYE DESMONTE DE ESTRUCTURA Y RETIRO | D22: M² | E22: =J22-(2.722%*J22) -> 11641.258 | F22: 26.25 | G22: =+E22*F22 -> 305583.03 | J22: 11967
B23: 1.6 | C23: DESMONTE DE ESPEJOS, INCLUYE RETIRO | D23: UN | E23: =J23-(2.722%*J23) -> 4242.2936 | F23: 7 | G23: =+E23*F23 -> 29696.055 | J23: 4361
B24: 1.7 | C24: ESCARIFICACIÓN Y RETIRO DE PAÑETE | D24: M² | E24: =J24-(2.722%*J24) -> 8546.8451 | F24: 1 | G24: =+E24*F24 -> 8546.8451 | J24: 8786
B25: 3 | C25: ESTRUCTURA METALICA | E25: =J25-(2.722%*J25) -> 0 | H25: =SUM(G26) -> 11355020
B26: 3.3 | C26: LIMPIEZA MANUAL-MECÁNICA TIPO SSPC SP2 Y SSPC SP3 PARA PASARELA METÁLICA TORRE RADAR - ESTRUCTURA METALICA DE CONTENEDORES. INCLUYE SISTEMA DE RECUBRIMIENTO PARA LA ESTRUCTURA METÁLICA MEDIANTE IMPRIMANTE EPÓXICO FOSTATO DE CINC TIPO SIKA O SIMILAR Y/O BARNIZ QDS TIPO SIKA O SIMILAR | D26: M² | E26: =J26-(2.722%*J26) -> 143010.33 | F26: 79.4 | G26: =+E26*F26 -> 11355020 | J26: 147012
B27: 4 | C27: PINTURA | E27: =J27-(2.722%*J27) -> 0 | H27: =SUM(G28) -> 8183054.5
B28: 4.1 | C28: PINTURA ESMALTE | D28: M2 | E28: =J28-(2.722%*J28) -> 13964.257 | F28: 586 | G28: =+E28*F28 -> 8183054.5 | J28: 14355
B29: 5 | C29: CARPINTERIA EN ALUMINIO | E29: =J29-(2.722%*J29) -> 0 | H29: =SUM(G30) -> 307549.84
B30: 5.1 | C30: MANTENIMIENTO A TODO COSTO DE VENTANERIA, PUERTAS CORREDIZAS EN ALUMINIO | D30: M² | E30: =J30-(2.722%*J30) -> 19342.758 | F30: 15.9 | G30: =+E30*F30 -> 307549.84 | J30: 19884
B31: TOTAL COSTOS DIRECTOS | H31: =SUM(H18:H30) -> 21947231
B32: ADMINISTRACIÓN % | D32: A | F32: 0.272 | H32: =+H31*F32 -> 5969646.9
B33: IMPREVISTOS % | D33: I | F33: 0.01 | H33: =+H31*F33 -> 219472.31
B34: UTILIDADES % | D34: U | F34: 0.04 | H34: =+H31*F34 -> 877889.25
B35: IVA SOBRE UTILIDAD | D35: % | F35: 0.19 | H35: =+H34*F35 -> 166798.96
B36: TOTAL COSTOS INDIRECTOS (A.I.U)+ IVA SOBRE UTILIDAD | H36: =SUM(H32:H35) -> 7233807.4
B37: VALOR TOTAL OBRAS CIVILES | H37: =+H31+H36 -> 29181039
B41: " MANTENIMIENTO PREVENTIVO Y CORRECTIVO DE LAS INSTALACIONES DEL RADAR SAN JOSE $ 40.000.000,00"
B42: SHELTERS 9
B43: ÍTEM | C43: ACTIVIDAD | D43: UND | E43: VALOR UNITARIO | F43: CANTIDAD | G43: VALOR PARCIAL | H43: VALOR TOTAL
B44: 1 | C44: PRELIMINARES | H44: =SUM(G45:G46) -> 772426.23
B45: 1.3 | C45: ESCARIFICADO DE PINTURA EN PAREDES | D45: M² | E45: =J45-(2.722%*J45) -> 5145.0334 | F45: 70 | G45: =+E45*F45 -> 360152.34 | J45: 5289
B46: 1.8 | C46: DESMONTE TUBERÍA HIDRÁULICA DE Ø 3" A Ø 6" | D46: ML | E46: =J46-(2.722%*J46) -> 13742.463 | F46: 30 | G46: =+E46*F46 -> 412273.89 | J46: 14127
B47: 2 | C47: MOVIMIENTO DE TIERRAS | E47: =J47-(2.722%*J47) -> 0 | H47: =SUM(G48) -> 279516.27
B48: 2.1 | C48: EXCAVACION MANUAL EN TERRENO CONSISTENTE, INCLUYE CARGUE, RETIRO Y DISPOCISION FINAL DE EXCAVACION | D48: M³ | E48: =J48-(2.722%*J48) -> 77643.408 | F48: 3.6 | G48: =+E48*F48 -> 279516.27 | J48: 79816
B49: 3 | C49: ESTRUCTURA METALICA | E49: =J49-(2.722%*J49) -> 0 | H49: =SUM(G50) -> 250855.64
B50: 3.1 | C50: LIMPIEZA MANUAL-MECÁNICA TIPO SSPC SP2 Y SSPC SP3 PARA ESTRUCTURA METÁLICA EXISTENTE (TUBO DIAMETRO 7", 10" Y 19", PERIL TIPO C 15 CM X 5 CM, PERFIL TIPO L 8 CM X 8 CM, IPE DE 60 A 270 ). INCLUYE SISTEMA DE RECUBRIMIENTO PARA LA ESTRUCTURA METÁLICA MEDIANTE IMPRIMANTE EPÓXICO FOSTATO DE CINC TIPO SIKA O SIMILAR Y/O BARNIZ QDS TIPO SIKA O SIMILAR | D50: ML | E50: =J50-(2.722%*J50) -> 50171.128 | F50: 5 | G50: =+E50*F50 -> 250855.64 | J50: 51575
B51: 4 | C51: PINTURA | E51: =J51-(2.722%*J51) -> 0 | H51: =SUM(G52:G55) -> 4280605.5
B52: 4.2 | C52: VINILO CORRIENTE TIPO-2, 3 MANOS (INCLUYE FILOS Y DILATACIONES) | D52: M² | E52: =J52-(2.722%*J52) -> 12111.111 | F52: 85 | G52: =+E52*F52 -> 1029444.4 | J52: 12450
B53: 4.3 | C53: PINTURA PREMIUM PARA EXTERIORES BASE DE AGUA - TRES MANOS (INCLUYE FILOS Y DILATACIONES) | D53: M² | E53: =J53-(2.722%*J53) -> 22821.419 | F53: 70 | G53: =+E53*F53 -> 1597499.3 | J53: 23460
B54: 4.4 | C54: ESTUCO PLÁSTICO ACRÍLICO PARA EXTERIORES A DOS (2) MANOS SOBRE MUROS, INCLUYE FILOS, DILATACIONES Y TODAS LAS ACTIVIDADES NECESARIAS PARA SU CORRECTA INSTALACIÓN | D54: M2 | E54: =J54-(2.722%*J54) -> 20616.127 | F54: 70 | G54: =+E54*F54 -> 1443128.9 | J54: 21193
B55: 4.5 | C55: ESMALTE POLIURETANO | D55: M2 | E55: =J55-(2.722%*J55) -> 55696.519 | F55: 3.78 | G55: =+E55*F55 -> 210532.84 | J55: 57255
B56: 5 | C56: CARPINTERIA EN ALUMINIO | E56: =J56-(2.722%*J56) -> 0 | H56: =SUM(G57) -> 33192.172
B57: 5.1 | C57: MANTENIMIENTO A TODO COSTO DE VENTANERIA, PUERTAS CORREDIZAS EN ALUMINIO | D57: M² | E57: =J57-(2.722%*J57) -> 19342.758 | F57: 1.716 | G57: =+E57*F57 -> 33192.172 | J57: 19884
B58: 8 | C58: APARATOS SANITARIOS Y ACCESORIOS | E58: =J58-(2.722%*J58) -> 0 | H58: =SUM(G59:G59) -> 443592.54
B59: 8.9 | C59: SUMINISTRO E INSTALACIÓN DE LAVAPLATOS DE EMPOTRAR 0,57 X 0,51 MEZCLADOR PRACTICO | D59: Un | E59: =J59-(2.722%*J59) -> 443592.54 | F59: 1 | G59: =+E59*F59 -> 443592.54 | J59: 456005
B60: 10 | C60: CARPINTERIA EN MADERA | E60: =J60-(2.722%*J60) -> 0 | H60: =SUM(G61:G62) -> 2379864.8
B61: 10.4 | C61: SUMINISTRO E INSTALACIÓN DE MUEBLE BAJO COCINA 2.50 APROXIMADAMENTE X 0.60 X 0.80M ESTRUCTURA EN QUINTUPLEX Y CUERPO EN MADECOR RH DE 15 MM, FORRADO INTERNAMENTE EN FORMICA COLOR BLANCA Y EXTERNAMENTE EN FORMICA COLOR POR DEFINIR, MESON EN GRANITO PULIDO CON SALPICADERO COLOR A ESCOGER POR EL SUPERVISOR, POCETAS, PUERTAS, CAJONERAS, ENTREPAÑOS, MANIJAS DE ACERO. INCLUYE ACCESORIOS, ELEMENTOS DE FIJACIÓN, Y TODO LO DEMÁS PARA SU CORRECTO FUNCIONAMIENTO E INSTALACIÓN. | D61: ML | E61: =J61-(2.722%*J61) -> 872558.37 | F61: 1.8 | G61: =+E61*F61 -> 1570605.1 | J61: 896974
B62: 10.5 | C62: SUMINISTRO E INSTALACIÓN DE MUEBLE ALTO DE COCINA 2.50 APROXIMADAMENTE 0,35 X 0,70 M ESTRUCTURA EN QUINTUPLEX Y CUERPO EN MADECOR RH DE 15 MM, FORRADO INTERNAMENTE EN FORMICA COLOR BLANCA Y EXTERNAMENTE EN FORMICA COLOR POR DEFINIR, PUERTAS , CAJONERAS, MANIJAS DE ACERO, INCLUYE LOCERO Y VAJILLERO PLASTIFICADO, ACCESORIOS, ELEMENTOS DE FIJACIÓN, Y TODO LO DEMÁS PARA SU CORRECTO FUNCIONAMIENTO E INSTALACIÓN. | D62: ML | E62: =J62-(2.722%*J62) -> 449588.76 | F62: 1.8 | G62: =+E62*F62 -> 809259.77 | J62: 462169
B63: 12 | C63: VIDRIOS Y ESPEJOS | E63: =J63-(2.722%*J63) -> 0 | H63: =SUM(G64:G64) -> 233542.1
B64: 12.1 | C64: SUMINISTRO E INSTALACION DE ESPEJO BISELADO E= 4 MM (FLOTADO EN MURO) | D64: M² | E64: =J64-(2.722%*J64) -> 233542.1 | F64: 1 | G64: =+E64*F64 -> 233542.1 | J64: 240077
B65: 13 | C65: INSTALACIONES HIDROSANITARIAS | E65: =J65-(2.722%*J65) -> 0 | H65: =SUM(G66:G67) -> 2299772.5
B66: 13.1 | C66: SUMINISTRO E INSTALACIÓN DE PUNTO DE AGUA FRIA Ø 1/2" , INCLUYE ACCESORIOS PARA SU CORRECTA INSTALACIÓN. | D66: 0 | E66: =J66-(2.722%*J66) -> 46372.423 | F66: 1 | G66: =+E66*F66 -> 46372.423 | J66: 47670
B67: 13.6 | C67: SUMINISTRO E INSTALACIÓN DE TUBERÍA PVC PRESIÓN RDE 21 Ø 4", INCLUYE ACCESORIOS PARA SU CORRECTA INSTALACIÓN. | D67: 0 | E67: =J67-(2.722%*J67) -> 132552.95 | F67: 17 | G67: =+E67*F67 -> 2253400.1 | J67: 136262
B68: SHELTERS 5
B69: ÍTEM | C69: ACTIVIDAD | D69: UND | E69: VALOR UNITARIO | F69: CANTIDAD | G69: VALOR PARCIAL | H69: VALOR TOTAL
B70: 1 | C70: PRELIMINARES | H70: =SUM(G71:G72) -> 772426.23
B71: 1.3 | C71: ESCARIFICADO DE PINTURA EN PAREDES | D71: M² | E71: =J71-(2.722%*J71) -> 5145.0334 | F71: 70 | G71: =+E71*F71 -> 360152.34 | J71: 5289
B72: 1.8 | C72: DESMONTE TUBERÍA HIDRÁULICA DE Ø 3" A Ø 6" | D72: ML | E72: =J72-(2.722%*J72) -> 13742.463 | F72: 30 | G72: =+E72*F72 -> 412273.89 | J72: 14127
B73: 3 | C73: ESTRUCTURA METALICA | E73: =J73-(2.722%*J73) -> 0 | H73: =SUM(G74) -> 953251.44
B74: 3.1 | C74: LIMPIEZA MANUAL-MECÁNICA TIPO SSPC SP2 Y SSPC SP3 PARA ESTRUCTURA METÁLICA EXISTENTE (TUBO DIAMETRO 7", 10" Y 19", PERIL TIPO C 15 CM X 5 CM, PERFIL TIPO L 8 CM X 8 CM, IPE DE 60 A 270 ). INCLUYE SISTEMA DE RECUBRIMIENTO PARA LA ESTRUCTURA METÁLICA MEDIANTE IMPRIMANTE EPÓXICO FOSTATO DE CINC TIPO SIKA O SIMILAR Y/O BARNIZ QDS TIPO SIKA O SIMILAR | D74: ML | E74: =J74-(2.722%*J74) -> 50171.128 | F74: 19 | G74: =+E74*F74 -> 953251.44 | J74: 51575
B75: 4 | C75: PINTURA | E75: =J75-(2.722%*J75) -> 0 | H75: =SUM(G76:G79) -> 4281432.3
B76: 4.2 | C76: VINILO CORRIENTE TIPO-2, 3 MANOS (INCLUYE FILOS Y DILATACIONES) | D76: M² | E76: =J76-(2.722%*J76) -> 12120.839 | F76: 85 | G76: =+E76*F76 -> 1030271.3 | J76: 12460
B77: 4.3 | C77: PINTURA PREMIUM PARA EXTERIORES BASE DE AGUA - TRES MANOS (INCLUYE FILOS Y DILATACIONES) | D77: M² | E77: =J77-(2.722%*J77) -> 22821.419 | F77: 70 | G77: =+E77*F77 -> 1597499.3 | J77: 23460
B78: 4.4 | C78: ESTUCO PLÁSTICO ACRÍLICO PARA EXTERIORES A DOS (2) MANOS SOBRE MUROS, INCLUYE FILOS, DILATACIONES Y TODAS LAS ACTIVIDADES NECESARIAS PARA SU CORRECTA INSTALACIÓN | D78: M2 | E78: =J78-(2.722%*J78) -> 20616.127 | F78: 70 | G78: =+E78*F78 -> 1443128.9 | J78: 21193
B79: 4.5 | C79: ESMALTE POLIURETANO | D79: M2 | E79: =J79-(2.722%*J79) -> 55696.519 | F79: 3.78 | G79: =+E79*F79 -> 210532.84 | J79: 57255
B80: 5 | C80: CARPINTERIA EN ALUMINIO | E80: =J80-(2.722%*J80) -> 0 | H80: =SUM(G81) -> 33192.172
B81: 5.1 | C81: MANTENIMIENTO A TODO COSTO DE VENTANERIA, PUERTAS CORREDIZAS EN ALUMINIO | D81: M² | E81: =J81-(2.722%*J81) -> 19342.758 | F81: 1.716 | G81: =+E81*F81 -> 33192.172 | J81: 19884
B82: 8 | C82: APARATOS SANITARIOS Y ACCESORIOS | E82: =J82-(2.722%*J82) -> 0 | H82: =SUM(G83:G84) -> 697010.49
B83: 8.8 | C83: PRUEBA SANITARIA | D83: Un | E83: =J83-(2.722%*J83) -> 253417.95 | F83: 1 | G83: =+E83*F83 -> 253417.95 | J83: 260509
B84: 8.9 | C84: SUMINISTRO E INSTALACIÓN DE LAVAPLATOS DE EMPOTRAR 0,57 X 0,51 MEZCLADOR PRACTICO | D84: Un | E84: =J84-(2.722%*J84) -> 443592.54 | F84: 1 | G84: =+E84*F84 -> 443592.54 | J84: 456005
B85: 10 | C85: CARPINTERIA EN MADERA | E85: =J85-(2.722%*J85) -> 0 | H85: =SUM(G86:G88) -> 4355361.6
B86: 10.3 | C86: SUMINISTRO E INSTALACION DE CLOSETS EN TABLERO MELAMINICO RH 15MM SEGÚN DISEÑO | D86: M² | E86: =J86-(2.722%*J86) -> 548749.09 | F86: 3.6 | G86: =+E86*F86 -> 1975496.7 | J86: 564104
B87: 10.4 | C87: SUMINISTRO E INSTALACIÓN DE MUEBLE BAJO COCINA 2.50 APROXIMADAMENTE X 0.60 X 0.80M ESTRUCTURA EN QUINTUPLEX Y CUERPO EN MADECOR RH DE 15 MM, FORRADO INTERNAMENTE EN FORMICA COLOR BLANCA Y EXTERNAMENTE EN FORMICA COLOR POR DEFINIR, MESON EN GRANITO PULIDO CON SALPICADERO COLOR A ESCOGER POR EL SUPERVISOR, POCETAS, PUERTAS, CAJONERAS, ENTREPAÑOS, MANIJAS DE ACERO. INCLUYE ACCESORIOS, ELEMENTOS DE FIJACIÓN, Y TODO LO DEMÁS PARA SU CORRECTO FUNCIONAMIENTO E INSTALACIÓN. | D87: ML | E87: =J87-(2.722%*J87) -> 872558.37 | F87: 1.8 | G87: =+E87*F87 -> 1570605.1 | J87: 896974
B88: 10.5 | C88: SUMINISTRO E INSTALACIÓN DE MUEBLE ALTO DE COCINA 2.50 APROXIMADAMENTE 0,35 X 0,70 M ESTRUCTURA EN QUINTUPLEX Y CUERPO EN MADECOR RH DE 15 MM, FORRADO INTERNAMENTE EN FORMICA COLOR BLANCA Y EXTERNAMENTE EN FORMICA COLOR POR DEFINIR, PUERTAS , CAJONERAS, MANIJAS DE ACERO, INCLUYE LOCERO Y VAJILLERO PLASTIFICADO, ACCESORIOS, ELEMENTOS DE FIJACIÓN, Y TODO LO DEMÁS PARA SU CORRECTO FUNCIONAMIENTO E INSTALACIÓN. | D88: ML | E88: =J88-(2.722%*J88) -> 449588.76 | F88: 1.8 | G88: =+E88*F88 -> 809259.77 | J88: 462169
B89: 13 | C89: INSTALACIONES HIDROSANITARIAS | E89: =J89-(2.722%*J89) -> 0 | H89: =SUM(G90:G90) -> 46372.423
B90: 13.1 | C90: SUMINISTRO E INSTALACIÓN DE PUNTO DE AGUA FRIA Ø 1/2" , INCLUYE ACCESORIOS PARA SU CORRECTA INSTALACIÓN. | D90: Un | E90: =J90-(2.722%*J90) -> 46372.423 | F90: 1 | G90: =+E90*F90 -> 46372.423 | J90: 47670
B91: SHELTERS 8
B92: ÍTEM | C92: ACTIVIDAD | D92: UND | E92: VALOR UNITARIO | F92: CANTIDAD | G92: VALOR PARCIAL | H92: VALOR TOTAL
B93: 1 | C93: PRELIMINARES | H93: =SUM(G94:G94) -> 360152.34
B94: 1.3 | C94: ESCARIFICADO DE PINTURA EN PAREDES | D94: M² | E94: =J94-(2.722%*J94) -> 5145.0334 | F94: 70 | G94: =+E94*F94 -> 360152.34 | J94: 5289
B95: 3 | C95: ESTRUCTURA METALICA | E95: =J95-(2.722%*J95) -> 0 | H95: =SUM(G96) -> 401369.03
B96: 3.1 | C96: LIMPIEZA MANUAL-MECÁNICA TIPO SSPC SP2 Y SSPC SP3 PARA ESTRUCTURA METÁLICA EXISTENTE (TUBO DIAMETRO 7", 10" Y 19", PERIL TIPO C 15 CM X 5 CM, PERFIL TIPO L 8 CM X 8 CM, IPE DE 60 A 270 ). INCLUYE SISTEMA DE RECUBRIMIENTO PARA LA ESTRUCTURA METÁLICA MEDIANTE IMPRIMANTE EPÓXICO FOSTATO DE CINC TIPO SIKA O SIMILAR Y/O BARNIZ QDS TIPO SIKA O SIMILAR | D96: ML | E96: =J96-(2.722%*J96) -> 50171.128 | F96: 8 | G96: =+E96*F96 -> 401369.03 | J96: 51575
B97: 4 | C97: PINTURA | E97: =J97-(2.722%*J97) -> 0 | H97: =SUM(G98:G100) -> 4239628.2
B98: 4.2 | C98: VINILO CORRIENTE TIPO-2, 3 MANOS (INCLUYE FILOS Y DILATACIONES) | D98: M² | E98: =J98-(2.722%*J98) -> 12111.111 | F98: 99 | G98: =+E98*F98 -> 1199000 | J98: 12450
B99: 4.3 | C99: PINTURA PREMIUM PARA EXTERIORES BASE DE AGUA - TRES MANOS (INCLUYE FILOS Y DILATACIONES) | D99: M² | E99: =J99-(2.722%*J99) -> 22821.419 | F99: 70 | G99: =+E99*F99 -> 1597499.3 | J99: 23460
B100: 4.4 | C100: ESTUCO PLÁSTICO ACRÍLICO PARA EXTERIORES A DOS (2) MANOS SOBRE MUROS, INCLUYE FILOS, DILATACIONES Y TODAS LAS ACTIVIDADES NECESARIAS PARA SU CORRECTA INSTALACIÓN | D100: M2 | E100: =J100-(2.722%*J100) -> 20616.127 | F100: 70 | G100: =+E100*F100 -> 1443128.9 | J100: 21193
B101: 5 | C101: CARPINTERIA EN ALUMINIO | E101: =J101-(2.722%*J101) -> 0 | H101: =SUM(G102) -> 42554.067
B102: 5.1 | C102: MANTENIMIENTO A TODO COSTO DE VENTANERIA, PUERTAS CORREDIZAS EN ALUMINIO | D102: M² | E102: =J102-(2.722%*J102) -> 19342.758 | F102: 2.2 | G102: =+E102*F102 -> 42554.067 | J102: 19884
B103: 6 | C103: ACABADOS E IMPERMEABILIZACIONES | E103: =J103-(2.722%*J103) -> 0 | H103: =SUM(G104:G104) -> 131304.87
B104: 6.4 | C104: REFORZAMIENTO PISO EXISTENTE | D104: M² | E104: =J104-(2.722%*J104) -> 43768.291 | F104: 3 | G104: =+E104*F104 -> 131304.87 | J104: 44993
B105: 10 | C105: CARPINTERIA EN MADERA | E105: =J105-(2.722%*J105) -> 0 | H105: =SUM(G106) -> 1975496.7
B106: 10.3 | C106: SUMINISTRO E INSTALACION DE CLOSETS EN TABLERO MELAMINICO RH 15MM SEGÚN DISEÑO | D106: M² | E106: =J106-(2.722%*J106) -> 548749.09 | F106: 3.6 | G106: =+E106*F106 -> 1975496.7 | J106: 564104
...

Sheet FABIO GARZON DAZA
B2: FUERZAS MILITARES DE COLOMBIA- MINISTERIO DE DEFENSA NACIONAL
B3: FUERZA AÉREA COLOMBIANA
B4: COMANDO AÉREO DE COMBATE No.2
B5: OBJETO: | C5: MANTENIMIENTO PREVENTIVO Y CORRECTIVO Y ADECUACIÓN A TODO COSTO DE LOS CONTENEDORES (SHELTERS) DE LA FTC OMEGA - PAC RADAR DE SAN JOSE DEL GUAVIARE Y TORRE RADAR DE CONFORMIDAD CON LAS ESPECIFICACIONES TECNICAS.
B7: NOTAS:
B8: Las cantidades de obra que a continuación se presentan son aproximadas.
B9: Su pago será determinado por la obra medida, realmente ejecutada, previa medición por parte de la supervision.
B10: Durante la ejecución de la obra se deben verificar las medidas por parte del contratista y la supervision
B11: El contratista deberá prever todos los costos correspondientes a materiales, mano de obra, transportes y demás costos directos e indirectos requeridos para realizar la totalidad de las obras.
B12: ANEXO 7.2.
B13: PRESUPUESTO OFICIAL RUBRO 02-02-02-005-004-01-2 REC 10 $110.000.000,00
B15: OFERTA ECONOMICA
B16: MANTENIMIENTO Y ADECUACION SHELTERS OMEGA $ 30.000.000,00
B17: ÍTEM | C17: ACTIVIDAD | D17: UND | E17: VALOR UNITARIO | F17: CANTIDAD | G17: VALOR PARCIAL | H17: VALOR TOTAL
B18: 1 | C18: PRELIMINARES | H18: =SUM(G19:G24) -> 1836344
B19: 1.1 | C19: REMOCIÓN (DEMOLICIÓN) DE ACABADO DE PISO Y PAREDES, INCLUYE RETIRO | D19: M² | E19: 13747 | F19: 84 | G19: =+E19*F19 -> 1154748
B20: 1.2 | C20: DESMONTE DE PUERTAS INCLUYE EL MARCO Y TAPA LUCES, INCLUYE RETIRO | D20: Un | E20: 11557 | F20: 14 | G20: =+E20*F20 -> 161798
B21: 1.4 | C21: DESMONTE DE APARATOS SANITARIOS Y DIVISIONES DE DUCHAS Y SANITARIOS. | D21: Un | E21: 15669 | F21: 14 | G21: =+E21*F21 -> 219366
B22: 1.5 | C22: DESMONTE DE CIELO RASO, INCLUYE DESMONTE DE ESTRUCTURA Y RETIRO | D22: M² | E22: 10172 | F22: 26.25 | G22: =+E22*F22 -> 267015
B23: 1.6 | C23: DESMONTE DE ESPEJOS, INCLUYE RETIRO | D23: UN | E23: 3707 | F23: 7 | G23: =+E23*F23 -> 25949
B24: 1.7 | C24: ESCARIFICACIÓN Y RETIRO DE PAÑETE | D24: M² | E24: 7468 | F24: 1 | G24: =+E24*F24 -> 7468
B25: 3 | C25: ESTRUCTURA METALICA | H25: =SUM(G26) -> 11497676
B26: 3.3 | C26: LIMPIEZA MANUAL-MECÁNICA TIPO SSPC SP2 Y SSPC SP3 PARA PASARELA METÁLICA TORRE RADAR - ESTRUCTURA METALICA DE CONTENEDORES. INCLUYE SISTEMA DE RECUBRIMIENTO PARA LA ESTRUCTURA METÁLICA MEDIANTE IMPRIMANTE EPÓXICO FOSTATO DE CINC TIPO SIKA O SIMILAR Y/O BARNIZ QDS TIPO SIKA O SIMILAR | D26: M² | E26: 144807 | F26: 79.4 | G26: =+E26*F26 -> 11497676
B27: 4 | C27: PINTURA | H27: =SUM(G28) -> 8286040
B28: 4.1 | C28: PINTURA ESMALTE | D28: M2 | E28: 14140 | F28: 586 | G28: =+E28*F28 -> 8286040
B29: 5 | C29: CARPINTERIA EN ALUMINIO | H29: =SUM(G30) -> 300351
B30: 5.1 | C30: MANTENIMIENTO A TODO COSTO DE VENTANERIA, PUERTAS CORREDIZAS EN ALUMINIO | D30: M² | E30: 18890 | F30: 15.9 | G30: =+E30*F30 -> 300351
B31: TOTAL COSTOS DIRECTOS | H31: =SUM(H18:H30) -> 21920411
B32: ADMINISTRACIÓN % | D32: A | F32: 0.272 | H32: =+H31*F32 -> 5962351.7
B33: IMPREVISTOS % | D33: I | F33: 0.01 | H33: =+H31*F33 -> 219204.11
B34: UTILIDADES % | D34: U | F34: 0.04 | H34: =+H31*F34 -> 876816.43
B35: IVA SOBRE UTILIDAD | D35: % | F35: 0.19 | H35: =+H34*F35 -> 166595.12
B36: TOTAL COSTOS INDIRECTOS (A.I.U)+ IVA SOBRE UTILIDAD | H36: =SUM(H32:H35) -> 7224967.4
B37: VALOR TOTAL OBRAS CIVILES | H37: =+H31+H36 -> 29145378
B41: " MANTENIMIENTO PREVENTIVO Y CORRECTIVO DE LAS INSTALACIONES DEL RADAR SAN JOSE $ 40.000.000,00"
B42: SHELTERS 9
B43: ÍTEM | C43: ACTIVIDAD | D43: UND | E43: VALOR UNITARIO | F43: CANTIDAD | G43: VALOR PARCIAL | H43: VALOR TOTAL
B44: 1 | C44: PRELIMINARES | H44: =SUM(G45:G46) -> 384620
B45: 1.3 | C45: ESCARIFICADO DE PINTURA EN PAREDES | D45: M² | E45: 4760 | F45: 70 | G45: =+E45*F45 -> 333200
B46: 1.8 | C46: DESMONTE TUBERÍA HIDRÁULICA DE Ø 3" A Ø 6" | D46: ML | E46: 1714 | F46: 30 | G46: =+E46*F46 -> 51420
B47: 2 | C47: MOVIMIENTO DE TIERRAS | H47: =SUM(G48) -> 272970
B48: 2.1 | C48: EXCAVACION MANUAL EN TERRENO CONSISTENTE, INCLUYE CARGUE, RETIRO Y DISPOCISION FINAL DE EXCAVACION | D48: M³ | E48: 75825 | F48: 3.6 | G48: =+E48*F48 -> 272970
B49: 3 | C49: ESTRUCTURA METALICA | H49: =SUM(G50) -> 254005
B50: 3.1 | C50: LIMPIEZA MANUAL-MECÁNICA TIPO SSPC SP2 Y SSPC SP3 PARA ESTRUCTURA METÁLICA EXISTENTE (TUBO DIAMETRO 7", 10" Y 19", PERIL TIPO C 15 CM X 5 CM, PERFIL TIPO L 8 CM X 8 CM, IPE DE 60 A 270 ). INCLUYE SISTEMA DE RECUBRIMIENTO PARA LA ESTRUCTURA METÁLICA MEDIANTE IMPRIMANTE EPÓXICO FOSTATO DE CINC TIPO SIKA O SIMILAR Y/O BARNIZ QDS TIPO SIKA O SIMILAR | D50: ML | E50: 50801 | F50: 5 | G50: =+E50*F50 -> 254005
B51: 4 | C51: PINTURA | H51: =SUM(G52:G55) -> 4297241.9
B52: 4.2 | C52: VINILO CORRIENTE TIPO-2, 3 MANOS (INCLUYE FILOS Y DILATACIONES) | D52: M² | E52: 12263 | F52: 85 | G52: =+E52*F52 -> 1042355
B53: 4.3 | C53: PINTURA PREMIUM PARA EXTERIORES BASE DE AGUA - TRES MANOS (INCLUYE FILOS Y DILATACIONES) | D53: M² | E53: 23108 | F53: 70 | G53: =+E53*F53 -> 1617560
B54: 4.4 | C54: ESTUCO PLÁSTICO ACRÍLICO PARA EXTERIORES A DOS (2) MANOS SOBRE MUROS, INCLUYE FILOS, DILATACIONES Y TODAS LAS ACTIVIDADES NECESARIAS PARA SU CORRECTA INSTALACIÓN | D54: M2 | E54: 20345 | F54: 70 | G54: =+E54*F54 -> 1424150
B55: 4.5 | C55: ESMALTE POLIURETANO | D55: M2 | E55: 56396 | F55: 3.78 | G55: =+E55*F55 -> 213176.88
B56: 5 | C56: CARPINTERIA EN ALUMINIO | H56: =SUM(G57) -> 32415.24
B57: 5.1 | C57: MANTENIMIENTO A TODO COSTO DE VENTANERIA, PUERTAS CORREDIZAS EN ALUMINIO | D57: M² | E57: 18890 | F57: 1.716 | G57: =+E57*F57 -> 32415.24
B58: 8 | C58: APARATOS SANITARIOS Y ACCESORIOS | H58: =SUM(G59:G59) -> 437795
B59: 8.9 | C59: SUMINISTRO E INSTALACIÓN DE LAVAPLATOS DE EMPOTRAR 0,57 X 0,51 MEZCLADOR PRACTICO | D59: Un | E59: 437795 | F59: 1 | G59: =+E59*F59 -> 437795
B60: 10 | C60: CARPINTERIA EN MADERA | H60: =SUM(G61:G62) -> 2409759
B61: 10.4 | C61: SUMINISTRO E INSTALACIÓN DE MUEBLE BAJO COCINA 2.50 APROXIMADAMENTE X 0.60 X 0.80M ESTRUCTURA EN QUINTUPLEX Y CUERPO EN MADECOR RH DE 15 MM, FORRADO INTERNAMENTE EN FORMICA COLOR BLANCA Y EXTERNAMENTE EN FORMICA COLOR POR DEFINIR, MESON EN GRANITO PULIDO CON SALPICADERO COLOR A ESCOGER POR EL SUPERVISOR, POCETAS, PUERTAS, CAJONERAS, ENTREPAÑOS, MANIJAS DE ACERO. INCLUYE ACCESORIOS, ELEMENTOS DE FIJACIÓN, Y TODO LO DEMÁS PARA SU CORRECTO FUNCIONAMIENTO E INSTALACIÓN. | D61: ML | E61: 883519 | F61: 1.8 | G61: =+E61*F61 -> 1590334.2
B62: 10.5 | C62: SUMINISTRO E INSTALACIÓN DE MUEBLE ALTO DE COCINA 2.50 APROXIMADAMENTE 0,35 X 0,70 M ESTRUCTURA EN QUINTUPLEX Y CUERPO EN MADECOR RH DE 15 MM, FORRADO INTERNAMENTE EN FORMICA COLOR BLANCA Y EXTERNAMENTE EN FORMICA COLOR POR DEFINIR, PUERTAS , CAJONERAS, MANIJAS DE ACERO, INCLUYE LOCERO Y VAJILLERO PLASTIFICADO, ACCESORIOS, ELEMENTOS DE FIJACIÓN, Y TODO LO DEMÁS PARA SU CORRECTO FUNCIONAMIENTO E INSTALACIÓN. | D62: ML | E62: 455236 | F62: 1.8 | G62: =+E62*F62 -> 819424.8
B63: 12 | C63: VIDRIOS Y ESPEJOS | H63: =SUM(G64:G64) -> 236476
B64: 12.1 | C64: SUMINISTRO E INSTALACION DE ESPEJO BISELADO E= 4 MM (FLOTADO EN MURO) | D64: M² | E64: 236476 | F64: 1 | G64: =+E64*F64 -> 236476
B65: 13 | C65: INSTALACIONES HIDROSANITARIAS | H65: =SUM(G66:G67) -> 2269567
B66: 13.1 | C66: SUMINISTRO E INSTALACIÓN DE PUNTO DE AGUA FRIA Ø 1/2" , INCLUYE ACCESORIOS PARA SU CORRECTA INSTALACIÓN. | D66: 0 | E66: 45763 | F66: 1 | G66: =+E66*F66 -> 45763
B67: 13.6 | C67: SUMINISTRO E INSTALACIÓN DE TUBERÍA PVC PRESIÓN RDE 21 Ø 4", INCLUYE ACCESORIOS PARA SU CORRECTA INSTALACIÓN. | D67: 0 | E67: 130812 | F67: 17 | G67: =+E67*F67 -> 2223804
B68: SHELTERS 5
B69: ÍTEM | C69: ACTIVIDAD | D69: UND | E69: VALOR UNITARIO | F69: CANTIDAD | G69: VALOR PARCIAL | H69: VALOR TOTAL
B70: 1 | C70: PRELIMINARES | H70: =SUM(G71:G72) -> 714620
B71: 1.3 | C71: ESCARIFICADO DE PINTURA EN PAREDES | D71: M² | E71: 4760 | F71: 70 | G71: =+E71*F71 -> 333200
B72: 1.8 | C72: DESMONTE TUBERÍA HIDRÁULICA DE Ø 3" A Ø 6" | D72: ML | E72: 12714 | F72: 30 | G72: =+E72*F72 -> 381420
B73: 3 | C73: ESTRUCTURA METALICA | H73: =SUM(G74) -> 965219
B74: 3.1 | C74: LIMPIEZA MANUAL-MECÁNICA TIPO SSPC SP2 Y SSPC SP3 PARA ESTRUCTURA METÁLICA EXISTENTE (TUBO DIAMETRO 7", 10" Y 19", PERIL TIPO C 15 CM X 5 CM, PERFIL TIPO L 8 CM X 8 CM, IPE DE 60 A 270 ). INCLUYE SISTEMA DE RECUBRIMIENTO PARA LA ESTRUCTURA METÁLICA MEDIANTE IMPRIMANTE EPÓXICO FOSTATO DE CINC TIPO SIKA O SIMILAR Y/O BARNIZ QDS TIPO SIKA O SIMILAR | D74: ML | E74: 50801 | F74: 19 | G74: =+E74*F74 -> 965219
B75: 4 | C75: PINTURA | H75: =SUM(G76:G79) -> 4297241.9
B76: 4.2 | C76: VINILO CORRIENTE TIPO-2, 3 MANOS (INCLUYE FILOS Y DILATACIONES) | D76: M² | E76: 12263 | F76: 85 | G76: =+E76*F76 -> 1042355
B77: 4.3 | C77: PINTURA PREMIUM PARA EXTERIORES BASE DE AGUA - TRES MANOS (INCLUYE FILOS Y DILATACIONES) | D77: M² | E77: 23108 | F77: 70 | G77: =+E77*F77 -> 1617560
B78: 4.4 | C78: ESTUCO PLÁSTICO ACRÍLICO PARA EXTERIORES A DOS (2) MANOS SOBRE MUROS, INCLUYE FILOS, DILATACIONES Y TODAS LAS ACTIVIDADES NECESARIAS PARA SU CORRECTA INSTALACIÓN | D78: M2 | E78: 20345 | F78: 70 | G78: =+E78*F78 -> 1424150
B79: 4.5 | C79: ESMALTE POLIURETANO | D79: M2 | E79: 56396 | F79: 3.78 | G79: =+E79*F79 -> 213176.88
B80: 5 | C80: CARPINTERIA EN ALUMINIO | H80: =SUM(G81) -> 32415.24
B81: 5.1 | C81: MANTENIMIENTO A TODO COSTO DE VENTANERIA, PUERTAS CORREDIZAS EN ALUMINIO | D81: M² | E81: 18890 | F81: 1.716 | G81: =+E81*F81 -> 32415.24
B82: 8 | C82: APARATOS SANITARIOS Y ACCESORIOS | H82: =SUM(G83:G84) -> 654696
B83: 8.8 | C83: PRUEBA SANITARIA | D83: Un | E83: 216931 | F83: 1 | G83: =+E83*F83 -> 216931
B84: 8.9 | C84: SUMINISTRO E INSTALACIÓN DE LAVAPLATOS DE EMPOTRAR 0,57 X 0,51 MEZCLADOR PRACTICO | D84: Un | E84: 437765 | F84: 1 | G84: =+E84*F84 -> 437765
B85: 10 | C85: CARPINTERIA EN MADERA | H85: =SUM(G86:G88) -> 4410070.2
B86: 10.3 | C86: SUMINISTRO E INSTALACION DE CLOSETS EN TABLERO MELAMINICO RH 15MM SEGÚN DISEÑO | D86: M² | E86: 555642 | F86: 3.6 | G86: =+E86*F86 -> 2000311.2
B87: 10.4 | C87: SUMINISTRO E INSTALACIÓN DE MUEBLE BAJO COCINA 2.50 APROXIMADAMENTE X 0.60 X 0.80M ESTRUCTURA EN QUINTUPLEX Y CUERPO EN MADECOR RH DE 15 MM, FORRADO INTERNAMENTE EN FORMICA COLOR BLANCA Y EXTERNAMENTE EN FORMICA COLOR POR DEFINIR, MESON EN GRANITO PULIDO CON SALPICADERO COLOR A ESCOGER POR EL SUPERVISOR, POCETAS, PUERTAS, CAJONERAS, ENTREPAÑOS, MANIJAS DE ACERO. INCLUYE ACCESORIOS, ELEMENTOS DE FIJACIÓN, Y TODO LO DEMÁS PARA SU CORRECTO FUNCIONAMIENTO E INSTALACIÓN. | D87: ML | E87: 883519 | F87: 1.8 | G87: =+E87*F87 -> 1590334.2
B88: 10.5 | C88: SUMINISTRO E INSTALACIÓN DE MUEBLE ALTO DE COCINA 2.50 APROXIMADAMENTE 0,35 X 0,70 M ESTRUCTURA EN QUINTUPLEX Y CUERPO EN MADECOR RH DE 15 MM, FORRADO INTERNAMENTE EN FORMICA COLOR BLANCA Y EXTERNAMENTE EN FORMICA COLOR POR DEFINIR, PUERTAS , CAJONERAS, MANIJAS DE ACERO, INCLUYE LOCERO Y VAJILLERO PLASTIFICADO, ACCESORIOS, ELEMENTOS DE FIJACIÓN, Y TODO LO DEMÁS PARA SU CORRECTO FUNCIONAMIENTO E INSTALACIÓN. | D88: ML | E88: 455236 | F88: 1.8 | G88: =+E88*F88 -> 819424.8
B89: 13 | C89: INSTALACIONES HIDROSANITARIAS | H89: =SUM(G90:G90) -> 45763
B90: 13.1 | C90: SUMINISTRO E INSTALACIÓN DE PUNTO DE AGUA FRIA Ø 1/2" , INCLUYE ACCESORIOS PARA SU CORRECTA INSTALACIÓN. | D90: Un | E90: 45763 | F90: 1 | G90: =+E90*F90 -> 45763
B91: SHELTERS 8
B92: ÍTEM | C92: ACTIVIDAD | D92: UND | E92: VALOR UNITARIO | F92: CANTIDAD | G92: VALOR PARCIAL | H92: VALOR TOTAL
B93: 1 | C93: PRELIMINARES | H93: =SUM(G94:G94) -> 333200
B94: 1.3 | C94: ESCARIFICADO DE PINTURA EN PAREDES | D94: M² | E94: 4760 | F94: 70 | G94: =+E94*F94 -> 333200
B95: 3 | C95: ESTRUCTURA METALICA | H95: =SUM(G96) -> 406408
B96: 3.1 | C96: LIMPIEZA MANUAL-MECÁNICA TIPO SSPC SP2 Y SSPC SP3 PARA ESTRUCTURA METÁLICA EXISTENTE (TUBO DIAMETRO 7", 10" Y 19", PERIL TIPO C 15 CM X 5 CM, PERFIL TIPO L 8 CM X 8 CM, IPE DE 60 A 270 ). INCLUYE SISTEMA DE RECUBRIMIENTO PARA LA ESTRUCTURA METÁLICA MEDIANTE IMPRIMANTE EPÓXICO FOSTATO DE CINC TIPO SIKA O SIMILAR Y/O BARNIZ QDS TIPO SIKA O SIMILAR | D96: ML | E96: 50801 | F96: 8 | G96: =+E96*F96 -> 406408
B97: 4 | C97: PINTURA | H97: =SUM(G98:G100) -> 4255607
B98: 4.2 | C98: VINILO CORRIENTE TIPO-2, 3 MANOS (INCLUYE FILOS Y DILATACIONES) | D98: M² | E98: 12263 | F98: 99 | G98: =+E98*F98 -> 1214037
B99: 4.3 | C99: PINTURA PREMIUM PARA EXTERIORES BASE DE AGUA - TRES MANOS (INCLUYE FILOS Y DILATACIONES) | D99: M² | E99: 23106 | F99: 70 | G99: =+E99*F99 -> 1617420
B100: 4.4 | C100: ESTUCO PLÁSTICO ACRÍLICO PARA EXTERIORES A DOS (2) MANOS SOBRE MUROS, INCLUYE FILOS, DILATACIONES Y TODAS LAS ACTIVIDADES NECESARIAS PARA SU CORRECTA INSTALACIÓN | D100: M2 | E100: 20345 | F100: 70 | G100: =+E100*F100 -> 1424150
B101: 5 | C101: CARPINTERIA EN ALUMINIO | H101: =SUM(G102) -> 41558
B102: 5.1 | C102: MANTENIMIENTO A TODO COSTO DE VENTANERIA, PUERTAS CORREDIZAS EN ALUMINIO | D102: M² | E102: 18890 | F102: 2.2 | G102: =+E102*F102 -> 41558
B103: 6 | C103: ACABADOS E IMPERMEABILIZACIONES | H103: =SUM(G104:G104) -> 121482
B104: 6.4 | C104: REFORZAMIENTO PISO EXISTENTE | D104: M² | E104: 40494 | F104: 3 | G104: =+E104*F104 -> 121482
B105: 10 | C105: CARPINTERIA EN MADERA | H105: =SUM(G106) -> 2000311.2
B106: 10.3 | C106: SUMINISTRO E INSTALACION DE CLOSETS EN TABLERO MELAMINICO RH 15MM SEGÚN DISEÑO | D106: M² | E106: 555642 | F106: 3.6 | G106: =+E106*F106 -> 2000311.2
...

Sheet SKYTECH S.A.S
B2: FUERZAS MILITARES DE COLOMBIA- MINISTERIO DE DEFENSA NACIONAL
B3: FUERZA AÉREA COLOMBIANA
B4: COMANDO AÉREO DE COMBATE No.2
B5: OBJETO: | C5: MANTENIMIENTO PREVENTIVO Y CORRECTIVO Y ADECUACIÓN A TODO COSTO DE LOS CONTENEDORES (SHELTERS) DE LA FTC OMEGA - PAC RADAR DE SAN JOSE DEL GUAVIARE Y TORRE RADAR DE CONFORMIDAD CON LAS ESPECIFICACIONES TECNICAS.
B7: NOTAS:
B8: Las cantidades de obra que a continuación se presentan son aproximadas.
B9: Su pago será determinado por la obra medida, realmente ejecutada, previa medición por parte de la supervision.
B10: Durante la ejecución de la obra se deben verificar las medidas por parte del contratista y la supervision
B11: El contratista deberá prever todos los costos correspondientes a materiales, mano de obra, transportes y demás costos directos e indirectos requeridos para realizar la totalidad de las obras.
B12: ANEXO 7.2.
B13: PRESUPUESTO OFICIAL RUBRO 02-02-02-005-004-01-2 REC 10 $110.000.000,00
B15: OFERTA ECONOMICA
B16: MANTENIMIENTO Y ADECUACION SHELTERS OMEGA $ 30.000.000,00
B17: ÍTEM | C17: ACTIVIDAD | D17: UND | E17: VALOR UNITARIO | F17: CANTIDAD | G17: VALOR PARCIAL | H17: VALOR TOTAL
B18: 1 | C18: PRELIMINARES | H18: =SUM(G19:G24) -> 1836344
B19: 1.1 | C19: REMOCIÓN (DEMOLICIÓN) DE ACABADO DE PISO Y PAREDES, INCLUYE RETIRO | D19: M² | E19: 13747 | F19: 84 | G19: =+E19*F19 -> 1154748
B20: 1.2 | C20: DESMONTE DE PUERTAS INCLUYE EL MARCO Y TAPA LUCES, INCLUYE RETIRO | D20: Un | E20: 11557 | F20: 14 | G20: =+E20*F20 -> 161798
B21: 1.4 | C21: DESMONTE DE APARATOS SANITARIOS Y DIVISIONES DE DUCHAS Y SANITARIOS. | D21: Un | E21: 15669 | F21: 14 | G21: =+E21*F21 -> 219366
B22: 1.5 | C22: DESMONTE DE CIELO RASO, INCLUYE DESMONTE DE ESTRUCTURA Y RETIRO | D22: M² | E22: 10172 | F22: 26.25 | G22: =+E22*F22 -> 267015
B23: 1.6 | C23: DESMONTE DE ESPEJOS, INCLUYE RETIRO | D23: UN | E23: 3707 | F23: 7 | G23: =+E23*F23 -> 25949
B24: 1.7 | C24: ESCARIFICACIÓN Y RETIRO DE PAÑETE | D24: M² | E24: 7468 | F24: 1 | G24: =+E24*F24 -> 7468
B25: 3 | C25: ESTRUCTURA METALICA | H25: =SUM(G26) -> 11497676
B26: 3.3 | C26: LIMPIEZA MANUAL-MECÁNICA TIPO SSPC SP2 Y SSPC SP3 PARA PASARELA METÁLICA TORRE RADAR - ESTRUCTURA METALICA DE CONTENEDORES. INCLUYE SISTEMA DE RECUBRIMIENTO PARA LA ESTRUCTURA METÁLICA MEDIANTE IMPRIMANTE EPÓXICO FOSTATO DE CINC TIPO SIKA O SIMILAR Y/O BARNIZ QDS TIPO SIKA O SIMILAR | D26: M² | E26: 144807 | F26: 79.4 | G26: =+E26*F26 -> 11497676
B27: 4 | C27: PINTURA | H27: =SUM(G28) -> 8286040
B28: 4.1 | C28: PINTURA ESMALTE | D28: M2 | E28: 14140 | F28: 586 | G28: =+E28*F28 -> 8286040
B29: 5 | C29: CARPINTERIA EN ALUMINIO | H29: =SUM(G30) -> 300351
B30: 5.1 | C30: MANTENIMIENTO A TODO COSTO DE VENTANERIA, PUERTAS CORREDIZAS EN ALUMINIO | D30: M² | E30: 18890 | F30: 15.9 | G30: =+E30*F30 -> 300351
B31: TOTAL COSTOS DIRECTOS | H31: =SUM(H18:H30) -> 21920411
B32: ADMINISTRACIÓN % | D32: A | F32: 0.272 | H32: =+H31*F32 -> 5962351.7
B33: IMPREVISTOS % | D33: I | F33: 0.01 | H33: =+H31*F33 -> 219204.11
B34: UTILIDADES % | D34: U | F34: 0.04 | H34: =+H31*F34 -> 876816.43
B35: IVA SOBRE UTILIDAD | D35: % | F35: 0.19 | H35: =+H34*F35 -> 166595.12
B36: TOTAL COSTOS INDIRECTOS (A.I.U)+ IVA SOBRE UTILIDAD | H36: =SUM(H32:H35) -> 7224967.4
B37: VALOR TOTAL OBRAS CIVILES | H37: =+H31+H36 -> 29145378
B41: " MANTENIMIENTO PREVENTIVO Y CORRECTIVO DE LAS INSTALACIONES DEL RADAR SAN JOSE $ 40.000.000,00"
B42: SHELTERS 9
B43: ÍTEM | C43: ACTIVIDAD | D43: UND | E43: VALOR UNITARIO | F43: CANTIDAD | G43: VALOR PARCIAL | H43: VALOR TOTAL
B44: 1 | C44: PRELIMINARES | H44: =SUM(G45:G46) -> 384620
B45: 1.3 | C45: ESCARIFICADO DE PINTURA EN PAREDES | D45: M² | E45: 4760 | F45: 70 | G45: =+E45*F45 -> 333200
B46: 1.8 | C46: DESMONTE TUBERÍA HIDRÁULICA DE Ø 3" A Ø 6" | D46: ML | E46: 1714 | F46: 30 | G46: =+E46*F46 -> 51420
B47: 2 | C47: MOVIMIENTO DE TIERRAS | H47: =SUM(G48) -> 272970
B48: 2.1 | C48: EXCAVACION MANUAL EN TERRENO CONSISTENTE, INCLUYE CARGUE, RETIRO Y DISPOCISION FINAL DE EXCAVACION | D48: M³ | E48: 75825 | F48: 3.6 | G48: =+E48*F48 -> 272970
B49: 3 | C49: ESTRUCTURA METALICA | H49: =SUM(G50) -> 254005
B50: 3.1 | C50: LIMPIEZA MANUAL-MECÁNICA TIPO SSPC SP2 Y SSPC SP3 PARA ESTRUCTURA METÁLICA EXISTENTE (TUBO DIAMETRO 7", 10" Y 19", PERIL TIPO C 15 CM X 5 CM, PERFIL TIPO L 8 CM X 8 CM, IPE DE 60 A 270 ). INCLUYE SISTEMA DE RECUBRIMIENTO PARA LA ESTRUCTURA METÁLICA MEDIANTE IMPRIMANTE EPÓXICO FOSTATO DE CINC TIPO SIKA O SIMILAR Y/O BARNIZ QDS TIPO SIKA O SIMILAR | D50: ML | E50: 50801 | F50: 5 | G50: =+E50*F50 -> 254005
B51: 4 | C51: PINTURA | H51: =SUM(G52:G55) -> 4297241.9
B52: 4.2 | C52: VINILO CORRIENTE TIPO-2, 3 MANOS (INCLUYE FILOS Y DILATACIONES) | D52: M² | E52: 12263 | F52: 85 | G52: =+E52*F52 -> 1042355
B53: 4.3 | C53: PINTURA PREMIUM PARA EXTERIORES BASE DE AGUA - TRES MANOS (INCLUYE FILOS Y DILATACIONES) | D53: M² | E53: 23108 | F53: 70 | G53: =+E53*F53 -> 1617560
B54: 4.4 | C54: ESTUCO PLÁSTICO ACRÍLICO PARA EXTERIORES A DOS (2) MANOS SOBRE MUROS, INCLUYE FILOS, DILATACIONES Y TODAS LAS ACTIVIDADES NECESARIAS PARA SU CORRECTA INSTALACIÓN | D54: M2 | E54: 20345 | F54: 70 | G54: =+E54*F54 -> 1424150
B55: 4.5 | C55: ESMALTE POLIURETANO | D55: M2 | E55: 56396 | F55: 3.78 | G55: =+E55*F55 -> 213176.88
B56: 5 | C56: CARPINTERIA EN ALUMINIO | H56: =SUM(G57) -> 32415.24
B57: 5.1 | C57: MANTENIMIENTO A TODO COSTO DE VENTANERIA, PUERTAS CORREDIZAS EN ALUMINIO | D57: M² | E57: 18890 | F57: 1.716 | G57: =+E57*F57 -> 32415.24
B58: 8 | C58: APARATOS SANITARIOS Y ACCESORIOS | H58: =SUM(G59:G59) -> 437795
B59: 8.9 | C59: SUMINISTRO E INSTALACIÓN DE LAVAPLATOS DE EMPOTRAR 0,57 X 0,51 MEZCLADOR PRACTICO | D59: Un | E59: 437795 | F59: 1 | G59: =+E59*F59 -> 437795
B60: 10 | C60: CARPINTERIA EN MADERA | H60: =SUM(G61:G62) -> 2409759
B61: 10.4 | C61: SUMINISTRO E INSTALACIÓN DE MUEBLE BAJO COCINA 2.50 APROXIMADAMENTE X 0.60 X 0.80M ESTRUCTURA EN QUINTUPLEX Y CUERPO EN MADECOR RH DE 15 MM, FORRADO INTERNAMENTE EN FORMICA COLOR BLANCA Y EXTERNAMENTE EN FORMICA COLOR POR DEFINIR, MESON EN GRANITO PULIDO CON SALPICADERO COLOR A ESCOGER POR EL SUPERVISOR, POCETAS, PUERTAS, CAJONERAS, ENTREPAÑOS, MANIJAS DE ACERO. INCLUYE ACCESORIOS, ELEMENTOS DE FIJACIÓN, Y TODO LO DEMÁS PARA SU CORRECTO FUNCIONAMIENTO E INSTALACIÓN. | D61: ML | E61: 883519 | F61: 1.8 | G61: =+E61*F61 -> 1590334.2
B62: 10.5 | C62: SUMINISTRO E INSTALACIÓN DE MUEBLE ALTO DE COCINA 2.50 APROXIMADAMENTE 0,35 X 0,70 M ESTRUCTURA EN QUINTUPLEX Y CUERPO EN MADECOR RH DE 15 MM, FORRADO INTERNAMENTE EN FORMICA COLOR BLANCA Y EXTERNAMENTE EN FORMICA COLOR POR DEFINIR, PUERTAS , CAJONERAS, MANIJAS DE ACERO, INCLUYE LOCERO Y VAJILLERO PLASTIFICADO, ACCESORIOS, ELEMENTOS DE FIJACIÓN, Y TODO LO DEMÁS PARA SU CORRECTO FUNCIONAMIENTO E INSTALACIÓN. | D62: ML | E62: 455236 | F62: 1.8 | G62: =+E62*F62 -> 819424.8
B63: 12 | C63: VIDRIOS Y ESPEJOS | H63: =SUM(G64:G64) -> 236476
B64: 12.1 | C64: SUMINISTRO E INSTALACION DE ESPEJO BISELADO E= 4 MM (FLOTADO EN MURO) | D64: M² | E64: 236476 | F64: 1 | G64: =+E64*F64 -> 236476
B65: 13 | C65: INSTALACIONES HIDROSANITARIAS | H65: =SUM(G66:G67) -> 2269567
B66: 13.1 | C66: SUMINISTRO E INSTALACIÓN DE PUNTO DE AGUA FRIA Ø 1/2" , INCLUYE ACCESORIOS PARA SU CORRECTA INSTALACIÓN. | D66: 0 | E66: 45763 | F66: 1 | G66: =+E66*F66 -> 45763
B67: 13.6 | C67: SUMINISTRO E INSTALACIÓN DE TUBERÍA PVC PRESIÓN RDE 21 Ø 4", INCLUYE ACCESORIOS PARA SU CORRECTA INSTALACIÓN. | D67: 0 | E67: 130812 | F67: 17 | G67: =+E67*F67 -> 2223804
B68: SHELTERS 5
B69: ÍTEM | C69: ACTIVIDAD | D69: UND | E69: VALOR UNITARIO | F69: CANTIDAD | G69: VALOR PARCIAL | H69: VALOR TOTAL
B70: 1 | C70: PRELIMINARES | H70: =SUM(G71:G72) -> 714620
B71: 1.3 | C71: ESCARIFICADO DE PINTURA EN PAREDES | D71: M² | E71: 4760 | F71: 70 | G71: =+E71*F71 -> 333200
B72: 1.8 | C72: DESMONTE TUBERÍA HIDRÁULICA DE Ø 3" A Ø 6" | D72: ML | E72: 12714 | F72: 30 | G72: =+E72*F72 -> 381420
B73: 3 | C73: ESTRUCTURA METALICA | H73: =SUM(G74) -> 965219
B74: 3.1 | C74: LIMPIEZA MANUAL-MECÁNICA TIPO SSPC SP2 Y SSPC SP3 PARA ESTRUCTURA METÁLICA EXISTENTE (TUBO DIAMETRO 7", 10" Y 19", PERIL TIPO C 15 CM X 5 CM, PERFIL TIPO L 8 CM X 8 CM, IPE DE 60 A 270 ). INCLUYE SISTEMA DE RECUBRIMIENTO PARA LA ESTRUCTURA METÁLICA MEDIANTE IMPRIMANTE EPÓXICO FOSTATO DE CINC TIPO SIKA O SIMILAR Y/O BARNIZ QDS TIPO SIKA O SIMILAR | D74: ML | E74: 50801 | F74: 19 | G74: =+E74*F74 -> 965219
B75: 4 | C75: PINTURA | H75: =SUM(G76:G79) -> 4297241.9
B76: 4.2 | C76: VINILO CORRIENTE TIPO-2, 3 MANOS (INCLUYE FILOS Y DILATACIONES) | D76: M² | E76: 12263 | F76: 85 | G76: =+E76*F76 -> 1042355
B77: 4.3 | C77: PINTURA PREMIUM PARA EXTERIORES BASE DE AGUA - TRES MANOS (INCLUYE FILOS Y DILATACIONES) | D77: M² | E77: 23108 | F77: 70 | G77: =+E77*F77 -> 1617560
B78: 4.4 | C78: ESTUCO PLÁSTICO ACRÍLICO PARA EXTERIORES A DOS (2) MANOS SOBRE MUROS, INCLUYE FILOS, DILATACIONES Y TODAS LAS ACTIVIDADES NECESARIAS PARA SU CORRECTA INSTALACIÓN | D78: M2 | E78: 20345 | F78: 70 | G78: =+E78*F78 -> 1424150
B79: 4.5 | C79: ESMALTE POLIURETANO | D79: M2 | E79: 56396 | F79: 3.78 | G79: =+E79*F79 -> 213176.88
B80: 5 | C80: CARPINTERIA EN ALUMINIO | H80: =SUM(G81) -> 32415.24
B81: 5.1 | C81: MANTENIMIENTO A TODO COSTO DE VENTANERIA, PUERTAS CORREDIZAS EN ALUMINIO | D81: M² | E81: 18890 | F81: 1.716 | G81: =+E81*F81 -> 32415.24
B82: 8 | C82: APARATOS SANITARIOS Y ACCESORIOS | H82: =SUM(G83:G84) -> 654696
B83: 8.8 | C83: PRUEBA SANITARIA | D83: Un | E83: 216931 | F83: 1 | G83: =+E83*F83 -> 216931
B84: 8.9 | C84: SUMINISTRO E INSTALACIÓN DE LAVAPLATOS DE EMPOTRAR 0,57 X 0,51 MEZCLADOR PRACTICO | D84: Un | E84: 437765 | F84: 1 | G84: =+E84*F84 -> 437765
B85: 10 | C85: CARPINTERIA EN MADERA | H85: =SUM(G86:G88) -> 4410070.2
B86: 10.3 | C86: SUMINISTRO E INSTALACION DE CLOSETS EN TABLERO MELAMINICO RH 15MM SEGÚN DISEÑO | D86: M² | E86: 555642 | F86: 3.6 | G86: =+E86*F86 -> 2000311.2
B87: 10.4 | C87: SUMINISTRO E INSTALACIÓN DE MUEBLE BAJO COCINA 2.50 APROXIMADAMENTE X 0.60 X 0.80M ESTRUCTURA EN QUINTUPLEX Y CUERPO EN MADECOR RH DE 15 MM, FORRADO INTERNAMENTE EN FORMICA COLOR BLANCA Y EXTERNAMENTE EN FORMICA COLOR POR DEFINIR, MESON EN GRANITO PULIDO CON SALPICADERO COLOR A ESCOGER POR EL SUPERVISOR, POCETAS, PUERTAS, CAJONERAS, ENTREPAÑOS, MANIJAS DE ACERO. INCLUYE ACCESORIOS, ELEMENTOS DE FIJACIÓN, Y TODO LO DEMÁS PARA SU CORRECTO FUNCIONAMIENTO E INSTALACIÓN. | D87: ML | E87: 883519 | F87: 1.8 | G87: =+E87*F87 -> 1590334.2
B88: 10.5 | C88: SUMINISTRO E INSTALACIÓN DE MUEBLE ALTO DE COCINA 2.50 APROXIMADAMENTE 0,35 X 0,70 M ESTRUCTURA EN QUINTUPLEX Y CUERPO EN MADECOR RH DE 15 MM, FORRADO INTERNAMENTE EN FORMICA COLOR BLANCA Y EXTERNAMENTE EN FORMICA COLOR POR DEFINIR, PUERTAS , CAJONERAS, MANIJAS DE ACERO, INCLUYE LOCERO Y VAJILLERO PLASTIFICADO, ACCESORIOS, ELEMENTOS DE FIJACIÓN, Y TODO LO DEMÁS PARA SU CORRECTO FUNCIONAMIENTO E INSTALACIÓN. | D88: ML | E88: 455236 | F88: 1.8 | G88: =+E88*F88 -> 819424.8
B89: 13 | C89: INSTALACIONES HIDROSANITARIAS | H89: =SUM(G90:G90) -> 45763
B90: 13.1 | C90: SUMINISTRO E INSTALACIÓN DE PUNTO DE AGUA FRIA Ø 1/2" , INCLUYE ACCESORIOS PARA SU CORRECTA INSTALACIÓN. | D90: Un | E90: 45763 | F90: 1 | G90: =+E90*F90 -> 45763
B91: SHELTERS 8
B92: ÍTEM | C92: ACTIVIDAD | D92: UND | E92: VALOR UNITARIO | F92: CANTIDAD | G92: VALOR PARCIAL | H92: VALOR TOTAL
B93: 1 | C93: PRELIMINARES | H93: =SUM(G94:G94) -> 333200
B94: 1.3 | C94: ESCARIFICADO DE PINTURA EN PAREDES | D94: M² | E94: 4760 | F94: 70 | G94: =+E94*F94 -> 333200
B95: 3 | C95: ESTRUCTURA METALICA | H95: =SUM(G96) -> 406408
B96: 3.1 | C96: LIMPIEZA MANUAL-MECÁNICA TIPO SSPC SP2 Y SSPC SP3 PARA ESTRUCTURA METÁLICA EXISTENTE (TUBO DIAMETRO 7", 10" Y 19", PERIL TIPO C 15 CM X 5 CM, PERFIL TIPO L 8 CM X 8 CM, IPE DE 60 A 270 ). INCLUYE SISTEMA DE RECUBRIMIENTO PARA LA ESTRUCTURA METÁLICA MEDIANTE IMPRIMANTE EPÓXICO FOSTATO DE CINC TIPO SIKA O SIMILAR Y/O BARNIZ QDS TIPO SIKA O SIMILAR | D96: ML | E96: 50801 | F96: 8 | G96: =+E96*F96 -> 406408
B97: 4 | C97: PINTURA | H97: =SUM(G98:G100) -> 4255607
B98: 4.2 | C98: VINILO CORRIENTE TIPO-2, 3 MANOS (INCLUYE FILOS Y DILATACIONES) | D98: M² | E98: 12263 | F98: 99 | G98: =+E98*F98 -> 1214037
B99: 4.3 | C99: PINTURA PREMIUM PARA EXTERIORES BASE DE AGUA - TRES MANOS (INCLUYE FILOS Y DILATACIONES) | D99: M² | E99: 23106 | F99: 70 | G99: =+E99*F99 -> 1617420
B100: 4.4 | C100: ESTUCO PLÁSTICO ACRÍLICO PARA EXTERIORES A DOS (2) MANOS SOBRE MUROS, INCLUYE FILOS, DILATACIONES Y TODAS LAS ACTIVIDADES NECESARIAS PARA SU CORRECTA INSTALACIÓN | D100: M2 | E100: 20345 | F100: 70 | G100: =+E100*F100 -> 1424150
B101: 5 | C101: CARPINTERIA EN ALUMINIO | H101: =SUM(G102) -> 41558
B102: 5.1 | C102: MANTENIMIENTO A TODO COSTO DE VENTANERIA, PUERTAS CORREDIZAS EN ALUMINIO | D102: M² | E102: 18890 | F102: 2.2 | G102: =+E102*F102 -> 41558
B103: 6 | C103: ACABADOS E IMPERMEABILIZACIONES | H103: =SUM(G104:G104) -> 121482
B104: 6.4 | C104: REFORZAMIENTO PISO EXISTENTE | D104: M² | E104: 40494 | F104: 3 | G104: =+E104*F104 -> 121482
B105: 10 | C105: CARPINTERIA EN MADERA | H105: =SUM(G106) -> 2000311.2
B106: 10.3 | C106: SUMINISTRO E INSTALACION DE CLOSETS EN TABLERO MELAMINICO RH 15MM SEGÚN DISEÑO | D106: M² | E106: 555642 | F106: 3.6 | G106: =+E106*F106 -> 2000311.2
...
